 Dungeon Crawl Stone Soup version 0.26.1-11-gd32895ea62 (webtiles) character file.

Game seed: 2323804585648916505

925129 phalm the Gnoll Aeon (level 27, -16/205 HPs)
             Began as a Gnoll Ice Elementalist on June 12, 2021.
             Was the Champion of Cheibriados.
             Demolished by an Executioner (20 damage)
             ... summoned by Gloorx Vloq
             ... in Pandemonium on June 13, 2021.
             The game lasted 06:22:14 (116512 turns).

phalm the Gnoll Aeon (Gnoll Ice Elementalist)     Turns: 116512, Time: 06:22:15

Health: -16/205    AC: 29    Str: 28    XL:     27
Magic:  0/53       EV: 37    Int: 51    God:    Cheibriados [******]
Gold:   3661       SH: 24    Dex: 35    Spells: 13/69 levels left

rFire    + + +     SeeInvis +   a - +9 eudemon blade (holy)
rCold    + + +     Faith    .   p - +5 kite shield {reflect}
rNeg     + . .     Spirit   +   g - +4 moon troll leather armour {Spirit, Regen++ MP+5}
rPois    +         Reflect  +   Y - +3 crown of Dyrovepreva {rElec Int+2 SInv}
rElec    +         Harm     .   I - +0 cloak "Bekhib Das" {rF+ Str+4 Int+3}
rCorr    +         Rampage  .   t - +2 pair of gloves {archery}
Will     +++..                  K - +2 pair of boots {Fly} Stlth *+++++++++
                                T - amulet of Dolono {Spirit +Blink rF+ rC++ Stlth+}
HPRegen  1.24/turn              E - ring of Stoicism {+Blink rF+ rCorr Int+4 Dex+3}
MPRegen  0.33/turn              i - ring of Lugonu's Benevolence {rPois rC+ rN+ Str-4 Stlth+}

@: lethally poisoned (-16 -> -18), no potions, slowed, studying 4 skills, very
slow
A: distributed training, claws 1, fangs 1, hooves 1, icy blue scales 1, yellow
scales 1, blurry vision 2, frail 1, strong-willed 1, sense surroundings 1,
shaggy fur 1, strong nose
}: 7/15 runes: barnacled, slimy, silver, abyssal, demonic, glowing, gossamer
a: Renounce Religion, Evoke Blink, Evoke Flight, Bend Time, Temporal Distortion,
Slouch, Step From Time


You were in Pandemonium.
You worshipped Cheibriados.
Cheibriados was exalted by your worship.
You visited 13 branches of the dungeon, and saw 57 of its levels.
You visited Pandemonium 3 times, and saw 9 of its levels.
You visited the Abyss 1 time.
You also visited: Trove, Gauntlet and Ice Cave.

You collected 11832 gold pieces.
You spent 8171 gold pieces at shops.


Innate Abilities, Weirdness & Mutations

Your experience applies equally to all skills.
You have very sharp teeth.
Your uncanny sense of smell can sniff out nearby items.
You have sharp fingernails.
You have large cloven feet.
You are partially covered in icy blue scales. (AC +2)
You are partially covered in yellow scales. (AC +2)
Scrolls take you longer to read.
You are frail. (-10% HP)
You are strong-willed. (Will+)
You passively map a small area around you.
You are covered in fur. (AC +1)


   Skills:
 + Level 21.3 Fighting
 + Level 21.3 Short Blades
 + Level 21.3 Long Blades
 + Level 21.3 Axes
 + Level 21.3 Maces & Flails
 + Level 21.3 Polearms
 + Level 21.3 Staves
 + Level 21.3 Slings
 + Level 22.8 Bows
 + Level 21.3 Crossbows
 + Level 21.3 Throwing
 + Level 21.3 Armour
 + Level 21.6 Dodging
 + Level 21.6 Stealth
 + Level 21.6 Shields
 + Level 21.3 Unarmed Combat
 + Level 21.7 Spellcasting
 + Level 18.5 Conjurations
 + Level 18.5 Hexes
 + Level 18.5 Summonings
 + Level 20.5 Necromancy
 + Level 18.5 Translocations
 + Level 18.5 Transmutations
 + Level 18.5 Fire Magic
 + Level 19.5 Ice Magic
 + Level 18.5 Air Magic
 + Level 18.5 Earth Magic
 + Level 18.5 Poison Magic
 + Level 22.8 Invocations
 + Level 21.3 Evocations


You had 13 spell levels left.
You knew the following spells:

 Your Spells              Type           Power        Failure   Level
b - Fireball              Conj/Fire      63%          0%          5
c - Lehudib's Crystal Sp  Conj/Erth      63%          1%          8
e - Absolute Zero         Ice            65%          9%          9
l - Summon Lightning Spi  Summ/Air       100%         0%          4
n - Chain Lightning       Conj/Air       63%          1%          8
s - Iron Shot             Conj/Erth      63%          1%          6
t - Irradiate             Conj/Tmut      63%          0%          5
z - Ozocubu's Refrigerat  Ice            65%          0%          6
B - Blink                 Tloc           N/A          0%          2
X - Ignite Poison         Fire/Tmut/Pois 100%         0%          3

Your spell library contained the following spells:

 Spells                   Type           Power        Failure   Level
 Animate Skeleton         Necr           100%         0%          1
 Apportation              Tloc           100%         0%          1
 Beastly Appendage        Tmut           100%         0%          1
 Corona                   Hex            100%         0%          1
 Foxfire                  Conj/Fire      100%         0%          1
 Freeze                   Ice            100%         0%          1
 Magic Dart               Conj           100%         0%          1
 Sandblast                Erth           100%         0%          1
 Shock                    Conj/Air       100%         0%          1
 Sting                    Tmut/Pois      100%         0%          1
 Summon Small Mammal      Summ           100%         0%          1
 Call Imp                 Summ           100%         0%          2
 Corpse Rot               Necr/Air       N/A          0%          2
 Ensorcelled Hibernation  Hex/Ice        100%         0%          2
 Passwall                 Tmut/Erth      100%         0%          2
 Poisonous Vapours        Pois/Air       100%         0%          2
 Searing Ray              Conj           100%         0%          2
 Slow                     Hex            100%         0%          2
 Sublimation of Blood     Necr           66%          0%          2
 Wereblood                Tmut           100%         0%          2
 Call Canine Familiar     Summ           100%         0%          3
 Confusing Touch          Hex            100%         0%          3
 Conjure Flame            Conj/Fire      100%         0%          3
 Dazzling Flash           Conj/Hex       100%         0%          3
 Frozen Ramparts          Ice            100%         0%          3
 Gell's Gravitas          Tloc           63%          0%          3
 Inner Flame              Hex/Fire       100%         0%          3
 Lesser Beckoning         Tloc           63%          0%          3
 Mephitic Cloud           Conj/Pois/Air  100%         0%          3
 Ozocubu's Armour         Ice            100%         0%          3
 Portal Projectile        Hex/Tloc       100%         0%          3
 Spider Form              Tmut/Pois      63%          0%          3
 Stone Arrow              Conj/Erth      100%         0%          3
 Summon Guardian Golem    Hex/Summ       100%         0%          3
 Teleport Other           Tloc           100%         0%          3
 Tukima's Dance           Hex            100%         0%          3
 Cause Fear               Hex            63%          0%          4
 Fulminant Prism          Conj/Hex       63%          0%          4
 Hailstorm                Conj/Ice       100%         0%          4
 Ice Form                 Ice/Tmut       100%         0%          4
 Iskenderun's Mystic Bla  Conj/Tloc      100%         0%          4
 Leda's Liquefaction      Hex/Erth       63%          0%          4
 Olgreb's Toxic Radiance  Pois           100%         0%          4
 Passage of Golubria      Tloc           N/A          0%          4
 Petrify                  Tmut/Erth      100%         0%          4
 Sticky Flame             Conj/Fire      100%         0%          4
 Summon Ice Beast         Ice/Summ       100%         0%          4
 Alistair's Intoxication  Tmut/Pois      84%          0%          5
 Blade Hands              Tmut           63%          0%          5
 Bolt of Magma            Conj/Fire/Erth 63%          0%          5
 Iskenderun's Battlesphe  Conj           100%         0%          5
 Lee's Rapid Deconstruct  Erth           63%          0%          5
 Metabolic Englaciation   Hex/Ice        64%          0%          5
 Silence                  Hex/Air        63%          0%          5
 Summon Demon             Summ           63%          0%          5
 Summon Forest            Summ/Tloc      63%          0%          5
 Summon Mana Viper        Hex/Summ       100%         0%          5
 Yara's Violent Unravell  Hex/Tmut       63%          0%          5
 Simulacrum               Ice/Necr       65%          0%          6
 Conjure Ball Lightning   Conj/Air       63%          1%          6
 Eringya's Noxious Bog    Tmut/Pois      63%          1%          6
 Freezing Cloud           Conj/Ice/Air   64%          1%          6
 Hydra Form               Tmut           63%          1%          6
 Invisibility             Hex            100%         1%          6
 Shadow Creatures         Summ           N/A          1%          6
 Statue Form              Tmut/Erth      84%          1%          6
 Dragon Form              Tmut           63%          1%          7
 Malign Gateway           Summ/Tloc      63%          1%          7
 Monstrous Menagerie      Summ           63%          1%          7
 Orb of Destruction       Conj           63%          1%          7
 Spellforged Servitor     Conj/Summ      63%          1%          7
 Summon Greater Demon     Summ           63%          1%          7
 Summon Hydra             Summ           63%          1%          7
 Summon Horrible Things   Summ           63%          1%          8
 Dragon's Call            Summ           63%          13%         9
 Fire Storm               Conj/Fire      63%          13%         9
 Shatter                  Erth           63%          13%         9
 Tornado                  Air            63%          13%         9

Inventory:

Hand Weapons
 a - a +9 eudemon blade of holy wrath (weapon)
   (You took it off a daeva in Pandemonium)
 b - the +2 demon trident of Blood-Lust {venom, *Rage Will++ Int+4}
   (You took it off a deep elf mage on level 3 of the Elven Halls)

   It poisons the flesh of those it strikes.
   It affects your intelligence (+4).
   It affects your willpower, your defense against some magical effects.
   It may make you go berserk in combat.
Missiles
 e - 12 throwing nets {=f!f}
 f - 8 boomerangs (quivered)
 q - 15 silver boomerangs
Armour
 g - the +4 moon troll leather armour (worn) {Spirit, Regen++ MP+5}
   (You found it in a treasure trove)

   It affects your magic capacity (+5).
   It increases your rate of regeneration.
 p - a +5 kite shield of reflection (worn)
   (You took it off a tengu warrior on level 15 of the Dungeon)
 t - a +2 pair of gloves of archery (worn)
   (You found it on level 5 of the Pits of Slime)
 F - the +1 scale mail of Modesty {Str+3, unknown}
   (You found it in Pandemonium)

   It affects your strength (+3).
 I - the +0 cloak "Bekhib Das" (worn) {rF+ Str+4 Int+3}
   (You found it on level 4 of the Vaults)

   It affects your strength (+4).
   It affects your intelligence (+3).
   It protects you from fire.
 K - a +2 pair of boots of flying (worn)
   (You bought it in a shop on level 9 of the Dungeon)
 Y - the +3 crown of Dyrovepreva (worn) {rElec Int+2 SInv}
   (You acquired it on level 2 of the Depths)

   It affects your intelligence (+2).
   It insulates you from electricity.
   It lets you see invisible.
Jewellery
 i - the ring of Lugonu's Benevolence (right hand) {rPois rC+ rN+ Str-4 Stlth+}
   (You found it on level 5 of the Realm of Zot)

   [ring of protection from cold]

   It affects your strength (-4).
   It protects you from cold.
   It protects you from poison.
   It protects you from negative energy.
   It makes you more stealthy.
 E - the ring of Stoicism (left hand) {+Blink rF+ rCorr Int+4 Dex+3}
   (You took it off a blood saint in Pandemonium)

   [ring of resist corrosion]

   It affects your intelligence (+4).
   It affects your dexterity (+3).
   It protects you from fire.
   It lets you blink.
   It provides partial protection from all sources of acid and corrosion.
 T - the amulet of Dolono (around neck) {Spirit +Blink rF+ rC++ Stlth+}
   (You took it off a deep elf elementalist on level 3 of the Elven Halls)

   [amulet of guardian spirit]

   It causes incoming damage to be split between your health and magic.
   It protects you from fire.
   It greatly protects you from cold.
   It lets you blink.
   It makes you more stealthy.
Wands
 w - a wand of iceblast (65)
   (You found it on level 4 of the Dungeon)
 B - a wand of digging (39)
   (You found it on level 5 of the Dungeon)
 N - a wand of polymorph (56)
   (You found it on level 1 of the Lair of Beasts)
 R - a wand of disintegration (75)
   (You found it on level 5 of the Vaults)
 S - a wand of acid (51)
   (You found it on level 7 of the Dungeon)
Scrolls
 h - 19 scrolls of remove curse {@r2}
 l - 13 scrolls of magic mapping {!r}
 m - 9 scrolls of blinking {!r}
 n - 3 scrolls of vulnerability {!r!r}
 s - 12 scrolls of immolation {!r!r}
 x - 15 scrolls of fear
 y - 12 scrolls of teleportation {@r4}
 A - 8 scrolls of summoning
 D - 7 scrolls of fog
 L - a scroll of silence {!r}
Potions
 d - 7 potions of cancellation
 j - 8 potions of brilliance
 k - 21 potions of might
 r - 4 potions of heal wounds {@q2}
 u - 4 potions of magic
 G - 4 potions of resistance
 J - 6 potions of ambrosia
 M - 8 potions of invisibility
 O - 29 potions of curing {@q1}
 V - 12 potions of attraction {!q}
 Z - 17 potions of lignification {!q}
Books
 o - a manual of Shields {!d}
   (You found it on level 5 of the Vaults)
 z - a manual of Necromancy {!d}
   (You found it on level 5 of the Realm of Zot)
 H - a manual of Bows {!d}
   (You found it in Pandemonium)
 W - a manual of Ice Magic {!d}
   (You found it on level 5 of the Vaults)
Miscellaneous
 c - the horn of Geryon
   (You took it off Geryon in the Vestibule of Hell)
 v - a phantom mirror
   (You found it on level 2 of the Depths)
 C - a tin of tremorstones (1/2)
   (You found it on level 5 of the Vaults)
 U - a condenser vane
   (You found it on level 4 of the Shoals)
 X - a lightning rod (4/4)
   (You found it in Pandemonium)

Dungeon Overview and Level Annotations

Branches:
Dungeon (15/15)            Temple (1/1) D:5            Lair (6/6) D:10
 Shoals (4/4) Lair:2       Spider (4/4) Lair:4        Slime (5/5) Lair:5
    Orc (2/2) D:9             Elf (3/3) Orc:2        Vaults (5/5) D:13
  Crypt (0/3) Vaults:3     Depths (5/5) D:15           Hell (visited)
    Dis (0/7) Hell            Geh (1/7) Hell            Coc (0/7) Hell
    Tar (0/7) Hell            Zot (5/5) Depths:5      IceCv (visited)
Gauntlet (visited)

Altars:
Ashenzari
Cheibriados
Dithmenos
Elyvilon
Fedhas
Gozag
Kikubaaqudgha
Okawaru
Qazlal
Sif Muna
Trog
Wu Jian
Xom
Zin
Beogh
Jiyva

Shops:
D:8 [   D:9 [   D:12 *   Orc:2 **(?   Elf:3 :   Shoals:3 ?   Vaults:2 *[}!
Vaults:3 [   Vaults:4 (   Depths:2 [   Depths:4 }?

Portals:
Hell: Depths:1 Depths:2 Depths:3 Depths:4 Depths:5
Abyss: Depths:4 Depths:5
Pandemonium: Depths:1 Depths:2 Depths:3
Ziggurat: Depths:5

Annotations:
Zot:5 1 exclusion
Pan Gloorx Vloq

#.,,**,*,#.#.*,*,*,*,*,
#..**,*,#.#.#.*,*,*,*,*
##..*,*,#.#.#.#,*,*,*,*,
#...##,#.#.#.#.*,*,*,*,*
#..#*.#.#.#.#.#,*,*,*,*,
#..###.#○#.#.#.*,*,*,*,*
#..'..○○&......,,,,,,**,
#..'..○11..X...,,,,,,*∆*
#..'..○@113....,,,,,,**,
#..###.#1#3#.#.*,*,*,*,*
#..##.#.#1#.#,*,*,*,*,*,
#...##,#.#1#,*,*,*,*,*,*
##..#,*,#.#.#,*,*,*,*,*,
#..##,*,#.#.#,*,*,*,*,*
#...#*,*,#.#.#,*,*,*,*,
##..#,*,*,*,#.*,*,*,*,*
#..##,*,*,*,*,*,*,*,*,


You could see Gloorx Vloq, 7 Executioners, 2 soul eaters and a large
abomination.


Message History

The burst of rock shards engulfs the Executioner but does no damage.
The burst of rock shards engulfs Gloorx Vloq.
The burst of rock shards engulfs the Executioner!
The burst of rock shards engulfs the soul eater but does no damage.
The burst of rock shards engulfs the Executioner!
The burst of rock shards engulfs the Executioner but does no damage.
The burst of rock shards engulfs the ettin skeleton!!
The burst of rock shards engulfs the soul eater but does no damage.
The burst of rock shards engulfs the Executioner!
The burst of rock shards engulfs the Executioner!!
The burst of rock shards engulfs Gloorx Vloq!
The burst of rock shards engulfs the large abomination but does no damage.
The burst of rock shards engulfs the Executioner but does no damage.
The burst of rock shards engulfs the Executioner. x2
The burst of rock shards engulfs the Executioner but does no damage.
The burst of rock shards engulfs the ettin skeleton!!
The burst of rock shards engulfs Gloorx Vloq!
The burst of rock shards engulfs the soul eater.
The burst of rock shards engulfs the Executioner!
The burst of rock shards engulfs you but does no damage.
The burst of rock shards engulfs the soul eater.
The burst of rock shards engulfs the soul eater but does no damage. x2
The burst of rock shards engulfs the ettin skeleton!
You destroy the ettin skeleton!
Cheibriados appreciates the change of pace.
The burst of rock shards engulfs the large abomination but does no damage.
The burst of rock shards engulfs the Executioner.
The burst of rock shards engulfs Gloorx Vloq!
The burst of rock shards engulfs the Executioner!
You hear a chilling moan.
The Executioner misses you. You block the Executioner's attack. x2
The Executioner hits you but does no damage.
The Executioner misses you. You block the Executioner's attack.
The Executioner completely misses you. x2; You block the Executioner's attack.
The Executioner barely misses you. The Executioner completely misses you.
The Executioner closely misses you. x3; You block the Executioner's attack.
The Executioner closely misses you. The Executioner misses you.
You block the Executioner's attack. The Executioner hits you!
* * * LOW HITPOINT WARNING * * *
The Executioner hits you but does no damage.
The Executioner misses you. x2; You riposte.
You slice the Executioner!!
The Executioner convulses.
Your bite misses the Executioner. The Executioner completely misses you.
The Executioner misses you.
The soul eater draws from the surrounding life force!
* * * LOW HITPOINT WARNING * * *
The soul eater is healed.
The Executioner barely misses you.
You riposte.
You slice the Executioner!!
The Executioner convulses!!
The Executioner hits you but does no damage. x2
Gloorx Vloq calls on the powers of darkness!
Your body is wracked with pain!
* * * LOW HITPOINT WARNING * * *
The soul eater draws from the surrounding life force!
* * * LOW HITPOINT WARNING * * *
The soul eater is healed.
You hear a chilling moan. 😱 HP[-40] MP[-9]
You take 40 damage, and now have 42/205 hp.
You lost 9 mp, and now have 8/53 mp.
Okay, then.
Okay, then.
Unknown command.
Really read
m - 9 scrolls of blinking {!r}?
Really read with blurry vision while enemies are nearby?
You block the Executioner's attack. x3; The Executioner completely misses you.
You riposte.
You closely miss the Executioner.
You bite the Executioner, but do no damage.
The Executioner misses you. You block the Executioner's attack.
The Executioner hits you.
* * * LOW HITPOINT WARNING * * *
The Executioner hits you but does no damage.
The Executioner closely misses you. The Executioner hits you!
* * * LOW HITPOINT WARNING * * *
The Executioner completely misses you. The Executioner misses you.
The Executioner completely misses you. x3; You block the Executioner's attack. x2
The Executioner hits you.
* * * LOW HITPOINT WARNING * * *
Gloorx Vloq calls on the powers of darkness!
Your body is wracked with pain!
* * * LOW HITPOINT WARNING * * *
The Executioner completely misses you. The Executioner barely misses you.
The Executioner hits you.
* * * LOW HITPOINT WARNING * * *
The Executioner barely misses you. The Executioner closely misses you.
The Executioner completely misses you. The Executioner misses you.
The Executioner hits you but does no damage.
The Executioner completely misses you. Gloorx Vloq gestures at you.
The foul vapour engulfs the Executioner.
The Executioner completely resists.
You begin reading the scroll.
You continue reading the scroll.
You are engulfed in dark miasma.
You are poisoned.
You feel yourself slow down.
* * * LOW HITPOINT WARNING * * *
You feel sick. The Executioner hits you!
* * * LOW HITPOINT WARNING * * *
You block the Executioner's attack. x2; The Executioner completely misses you.
You block the Executioner's attack. The Executioner completely misses you.
The Executioner hits you!!
You die...

Skill      XL: |  1  2  3  4  5  6  7  8  9 10 11 12 13 14 15 16 17 18 19 20 21 22 23 24 25 26 27 |
---------------+----------------------------------------------------------------------------------+-----
Spellcasting   | 5 6 7 8 9 10 11 12 13 14 15 16 17 21 | 21.7
Invocations    | 1 2 3 4 5 6 7 8 9 10 11 12 13 14 15 16 17 18 22 | 22.8
Fighting       | 1 2 3 4 5 6 7 8 9 10 11 12 13 14 15 16 17 21 | 21.3
Short Blades   | 1 2 3 4 5 6 7 8 9 10 11 12 13 14 15 16 17 21 | 21.3
Long Blades    | 1 2 3 4 5 6 7 8 9 10 11 12 13 14 15 16 17 21 | 21.3
Axes           | 1 2 3 4 5 6 7 8 9 10 11 12 13 14 15 16 17 21 | 21.3
Maces & Flails | 1 2 3 4 5 6 7 8 9 10 11 12 13 14 15 16 17 21 | 21.3
Polearms       | 1 2 3 4 5 6 7 8 9 10 11 12 13 14 15 16 17 21 | 21.3
Staves         | 1 2 3 4 5 6 7 8 9 10 11 12 13 14 15 16 17 21 | 21.3
Slings         | 1 2 3 4 5 6 7 8 9 10 11 12 13 14 15 16 17 21 | 21.3
Bows           | 1 2 3 4 5 6 7 8 9 10 11 12 13 14 15 16 17 22 | 22.8
Crossbows      | 1 2 3 4 5 6 7 8 9 10 11 12 13 14 15 16 17 21 | 21.3
Throwing       | 1 2 3 4 5 6 7 8 9 10 11 12 13 14 15 16 17 21 | 21.3
Armour         | 1 2 3 4 5 6 7 8 9 10 11 12 13 14 15 16 17 21 | 21.3
Shields        | 1 2 3 4 5 6 7 8 9 10 11 12 13 14 15 16 17 21 | 21.6
Unarmed Combat | 1 2 3 4 5 6 7 8 9 10 11 12 13 14 15 16 17 21 | 21.3
Evocations     | 1 2 3 4 5 6 7 8 9 10 11 12 13 14 15 16 17 21 | 21.3
Conjurations   | 1 2 3 4 5 6 7 8 9 10 11 12 13 14 18 | 18.5
Hexes          | 1 2 3 4 5 6 7 8 9 10 11 12 13 14 18 | 18.5
Summonings     | 1 2 3 4 5 6 7 8 9 10 11 12 13 14 18 | 18.5
Necromancy     | 1 2 3 4 5 6 7 8 9 10 11 12 13 14 20 | 20.5
Translocations | 1 2 3 4 5 6 7 8 9 10 11 12 13 14 18 | 18.5
Transmutations | 1 2 3 4 5 6 7 8 9 10 11 12 13 14 18 | 18.5
Fire Magic     | 1 2 3 4 5 6 7 8 9 10 11 12 13 14 18 | 18.5
Air Magic      | 1 2 3 4 5 6 7 8 9 10 11 12 13 14 18 | 18.5
Earth Magic    | 1 2 3 4 5 6 7 8 9 10 11 12 13 14 18 | 18.5
Poison Magic   | 1 2 3 4 5 6 7 8 9 10 11 12 13 14 18 | 18.5
Dodging        | 5 6 7 8 9 10 11 12 13 14 15 16 17 21 | 21.6
Stealth        | 5 6 7 8 9 10 11 12 13 14 15 16 17 21 | 21.6
Ice Magic      | 8 9 10 11 12 13 14 15 16 19 | 19.5

Action                   |  1- 3 |  4- 6 |  7- 9 | 10-12 | 13-15 | 16-18 | 19-21 | 22-24 | 25-27 || total
-------------------------+-------+-------+-------+-------+-------+-------+-------+-------+-------++-------
Melee: Club              |    31 |     2 |       |       |       |       |       |       |       ||    33
       Unarmed           |     7 |       |       |       |       |       |       |       |    98 ||   105
       Bite              |     2 |     9 |    15 |    59 |   102 |   172 |   148 |   229 |  1156 ||  1892
       Punch             |     1 |       |       |       |       |       |       |       |       ||     1
       Halberd           |       |   110 |   231 |       |       |       |       |       |       ||   341
       Trident           |       |       |    22 |   171 |       |       |       |       |       ||   193
       Staff             |       |       |       |   115 |   553 |   799 |   626 |   928 |   391 ||  3412
       Rapier            |       |       |       |       |       |     5 |       |       |  1840 ||  1845
       Spear             |       |       |       |       |       |       |       |    24 |       ||    24
       Demon trident     |       |       |       |       |       |       |       |       |  2290 ||  2290
       Eudemon blade     |       |       |       |       |       |       |       |       |   131 ||   131
       Broad axe         |       |       |       |       |       |       |       |       |    25 ||    25
 Fire: Hand crossbow     |       |       |       |    50 |   150 |    21 |       |       |       ||   221
Throw: Stone             |    46 |    77 |     3 |       |       |       |       |       |       ||   126
       Dart              |       |    15 |   169 |    58 |       |       |       |       |       ||   242
       Boomerang         |       |       |     2 |     3 |    93 |   214 |   469 |   451 |  1271 ||  2503
       Throwing net      |       |       |       |       |     1 |       |       |       |       ||     1
       Javelin           |       |       |       |       |       |       |       |       |    11 ||    11
 Cast: Freeze            |    31 |    26 |     1 |    31 |       |     1 |       |       |       ||    90
       Frozen Ramparts   |     1 |    12 |    34 |    29 |    11 |     6 |    15 |     4 |       ||   112
       Ozocubu's Armour  |       |    10 |    18 |    19 |     8 |     3 |    10 |     1 |       ||    69
       Call Imp          |       |       |     7 |     8 |       |     1 |       |     1 |       ||    17
       Summon Lightning  |       |       |       |     6 |     7 |       |       |       |    24 ||    37
       Irradiate         |       |       |       |     1 |     7 |     3 |     1 |    21 |    36 ||    69
       Ignite Poison     |       |       |       |       |       |     7 |    47 |    28 |    48 ||   130
       Chain Lightning   |       |       |       |       |       |       |       |       |    12 ||    12
       Ozocubu's Refrige |       |       |       |       |       |       |       |       |   355 ||   355
       Lehudib's Crystal |       |       |       |       |       |       |       |       |    57 ||    57
       Absolute Zero     |       |       |       |       |       |       |       |       |    10 ||    10
       Shatter           |       |       |       |       |       |       |       |       |     9 ||     9
       Fireball          |       |       |       |       |       |       |       |       |     4 ||     4
       Iron Shot         |       |       |       |       |       |       |       |       |     3 ||     3
Invok: Slouch            |       |       |       |     3 |       |       |       |     1 |     1 ||     5
       Step From Time    |       |       |       |       |       |       |       |     1 |       ||     1
 Abil: Stop Flying       |       |       |       |       |     1 |     1 |     3 |     1 |     2 ||     8
       Evoke Flight      |       |       |       |       |     1 |       |     3 |     1 |     2 ||     7
       Evoke Blink       |       |       |       |       |       |       |       |       |     5 ||     5
Evoke: Staff of Olgreb   |       |       |       |    28 |   215 |   317 |   185 |   110 |    71 ||   926
       Wand              |       |       |       |       |    12 |     5 |       |     4 |     9 ||    30
       Lightning rod     |       |       |       |       |     4 |       |       |       |     2 ||     6
       Tin of tremorston |       |       |       |       |       |     2 |       |       |     3 ||     5
       Box of beasts     |       |       |       |       |       |       |       |       |     1 ||     1
       Phantom mirror    |       |       |       |       |       |       |       |       |     1 ||     1
       Horn of Geryon    |       |       |       |       |       |       |       |       |     1 ||     1
  Use: Scroll            |       |       |    10 |    11 |    13 |    14 |    15 |     9 |    77 ||   149
       Potion            |       |       |       |       |     1 |     1 |       |     3 |    14 ||    19
 Stab: Sleeping          |     1 |     4 |     3 |     8 |    12 |    10 |    10 |     2 |    45 ||    95
       Distracted        |       |       |       |       |     3 |     5 |       |     2 |    62 ||    72
       Held in net/web   |       |       |       |       |       |     1 |       |       |       ||     1
Armor: Robe              |    11 |    30 |    76 |    58 |    16 |       |       |       |       ||   191
       Ring mail         |       |       |       |       |    54 |   132 |    65 |   102 |    33 ||   386
       Chain mail        |       |       |       |       |       |       |       |       |    59 ||    59
       Troll leather arm |       |       |       |       |       |       |       |       |   422 ||   422
Dodge: Dodged            |    50 |    86 |   183 |   217 |   382 |   674 |   467 |   457 |  2275 ||  4791
       Repelled          |       |     1 |     3 |     8 |     4 |     6 |     1 |       |       ||    23
Block: Kite shield       |       |       |     5 |   199 |   390 |   739 |   762 |  1069 |  4175 ||  7339
       Reflection        |       |       |       |       |       |    10 |    19 |    85 |   142 ||   256
       Rpst.: Eudemon blade |       |       |       |       |       |       |       |       |    20 ||    20

Levels and vault maps discovered:
D:1:      lightli_arrival_maybe_door_vault, layout_rooms, st_stairs_4,
          minmay_misc_feat_tiny, chequers_big_river, minmay_gold_behind_fungi,
          grunt_decor_junction, kennysheep_nondescript
D:2:      layout_basic, xom_teletrap_fun, ashenzari_altar_1
D:3:      minmay_octagon_keep, layout_loops_ring, nicolae_overflow_crystal_walls
D:4:      layout_rooms, nicolae_overflow_hidden_temple, uniq_pikel,
          uniq_crazy_yiuf_cottage
D:5:      layout_loops_corners, lemuel_temple_firewalk_b,
          chequers_decorated_corner, grunt_ministairs_2,
          nicolae_dithmenos_the_darkroom
D:6:      layout_loops_corners, nicolae_gozag_seed_capital, elyvilon_altar_5
D:7:      layout_loops_cross, hangedman_decor_peaks_small
D:8:      layout_loops_corners, grunt_qazlal_sundering, serial_shops, shop_coins
D:9:      layout_basic, orc_david_3, minmay_alternating_orb
D:10:     layout_basic, erik_lair_dragon, roderic_serpentine_path
D:11:     layout_rooms, st_stairs_14, kennysheep_small_spiral
D:12:     layout_irregular_city, serial_shops, kennysheep_mini_moat,
          kennysheep_crisscross, hangedman_abyss_or_decor_stabs,
          nicolae_water_bricks, minmay_statue_bubble
D:13:     cheibrodos_elevator_heist, layout_small_grid,
          hangedman_vaults_entry_quadrant_bands, minivault_21, wad_mini_maze
D:14:     layout_roguey
D:15:     grunt_enter_depths_magical_seal, layout_rooms,
          chequers_serial_rivers_micro_b, chequers_serial_rivers_small_3,
          drop_trap, lemuel_flamethrower_2
Temple:   regret_index_temple_generic_petals
Lair:1:   layout_cave_pods, gauntlet_entry_generic,
          ebering_ghost_reflecting_pool, beast_lair_carwin_8,
          grunt_megastairs_4, infiniplex_staircase_pool_2, serial_bayou_shore_b
Lair:2:   layout_cave_pods, elwin_shoals_entry_rocks,
          portal_ice_cave_demonic_guard
Lair:3:   layout_hall_layers, roderic_batcave, uniq_rupert
Lair:4:   layout_regular_city, spider_nest_entry_funnel_web, grunt_megastairs_2,
          minmay_lair_oklob_chamber, serial_bayou_shore_b
Lair:5:   layout_roguey, slime_altar_1, basic_altar
Lair:6:   minmay_lair_end_enchanted_forest, layout_regular_city,
          chequers_serial_rivers_micro_e
Shoals:1: layout_shoals
Shoals:2: layout_shoals, nicolae_shoals_seven_spires, lightli_airlock
Shoals:3: layout_shoals, serial_shops, nicolae_shop_trees, lemuel_oklob_altar
Shoals:4: shoals_end_simple, layout_shoals, uniq_polyphemus
Spider:1: layout_chambers, guppyfry_spider_mini_2
Spider:2: layout_spider_delve
Spider:3: layout_spider_delve, uniq_bai_suzhen
Spider:4: guppyfry_spider_rune, drop_trap
Slime:1:  layout_caves
Slime:2:  layout_caves
Slime:3:  layout_caves
Slime:4:  layout_caves, cheibrodos_slime_lost_civilization_5, uniq_dissolution
Slime:5
Orc:1:    layout_diamond_mine, nicolae_orc_tapped_out
Orc:2:    pubby_orc_utopia, serial_shops
Elf:1:    layout_loops_corners, minmay_elf_demonology
Elf:2:    layout_loops_cross
Elf:3:    minmay_elf_hall_circle, layout_rooms, serial_shops,
          nicolae_shop_stone, st_stairs_10, drop_trap, minivault_16
Vaults:1: nicolae_vaults_little_squares_1, hangedman_vaults_variations,
          nicolae_vaults_quadrants, v_misc_27, grunt_vaults_hallway_short,
          nicolae_vaults_network_quinsquares
          [nicolae_vaults_network_quincunx_subvault,
          nicolae_vaults_network_quincunx_subvault,
          nicolae_vaults_network_quincunx_subvault,
          nicolae_vaults_network_quincunx_subvault], v_rooms_4,
          vaults_mumra_hex, vaults_dpeg_ring, grunt_vaults_hallway_long,
          vaults_mumra_chevron, vaults_room_grunt_arrival_ludios,
          layout_vaults_maze
Vaults:2: v_misc_16, nicolae_vaults_twisting_passages, v_misc_29,
          grunt_vaults_twisty, ontoclasm_vaults_ligature,
          nicolae_vaults_specimen_jars, vaults_mumra_lcd, v_misc_8,
          vaults_room_boxed, layout_vaults_quadrants, serial_shops, shop, shop,
          shop, nicolae_shop_competitors_out_of_business, uniq_mara
Vaults:3: nicolae_vaults_windows_and_doors_thing, nicolae_vaults_hallways_thing,
          nicolae_vaults_little_squares_4, v_rooms_1,
          hangedman_vaults_corner_blocks, nicolae_vaults_little_squares_2,
          ontoclasm_vaults_chip, layout_vaults_chaotic_city,
          minmay_crypt_entry_simple_corners, serial_shops, shop_coins
Vaults:4: vaults_mumra_hexcomb, v_misc_24, nicolae_vaults_angled_halls,
          v_misc_2, hangedman_vaults_pinch, nicolae_vaults_mini_display_case,
          nicolae_vaults_sealed_display, ontoclasm_vaults_tryst,
          hangedman_vaults_slice, layout_vaults_omnicross, serial_shops,
          nicolae_shop_crystal
Vaults:5
Depths:1: layout_cave_pools, rand_demon_pan_entry_9,
          nicolae_trove_entry_crystal, hangedman_decor_points, hell_entry,
          minmay_starry_boxes, serial_bayou_shore_b
Depths:2: minmay_the_grid_square_5x5_5x5 [minmay_the_grid_square_5x5_bite,
          minmay_the_grid_square_5x5_tri_point, minmay_the_grid_square_5x5_two,
          minmay_the_grid_square_5x5_hourglass,
          minmay_the_grid_square_5x5_misaligned,
          minmay_the_grid_square_5x5_plus,
          minmay_the_grid_square_5x5_prize_monsterx,
          minmay_the_grid_square_5x5_comb,
          minmay_the_grid_square_5x5_prize_open,
          minmay_the_grid_square_5x5_minivault,
          minmay_the_grid_square_5x5_spiral,
          minmay_the_grid_square_5x5_trominoes,
          minmay_the_grid_square_5x5_prize_open,
          minmay_the_grid_square_5x5_mess, minmay_the_grid_square_5x5_moneybag,
          minmay_the_grid_square_5x5_six_small,
          minmay_the_grid_square_5x5_prize_itemx,
          minmay_the_grid_square_5x5_inner_z,
          minmay_the_grid_square_5x5_prize_snowflake,
          minmay_the_grid_square_5x5_shuriken, minmay_the_grid_square_5x5_slash,
          minmay_the_grid_square_5x5_beaten_path,
          minmay_the_grid_square_5x5_n_small,
          minmay_the_grid_square_5x5_pentomino_r,
          minmay_the_grid_square_5x5_eight], layout_cave_shapes, serial_shops,
          shop, minmay_misc_feat_square, grunt_pan_entry_zigzag, hell_entry,
          hangedman_aerie_drop, uniq_aizul
Depths:3: kb_forest_paths, layout_gridlike, roderic_lattice_a,
          rand_demon_pan_entry_7, hell_entry
Depths:4: minmay_bubble_buster, layout_small_grid, abyss_entry_crystal,
          hellmouth_3, infiniplex_staircase_zigzag_5, minmay_shoptagon,
          uniq_jory
Depths:5: grunt_zot_entry_alcove, layout_cave_pools, enter_ziggurat_e,
          nicolae_two_hexagons, abyss_entry_glasseish, grunt_mini_vestibule
Hell
Geh:1:    layout_gehenna_pools_box, minmay_fire_ice_demons
Zot:1:    layout_gridlike
Zot:2:    layout_cellular_growth
Zot:3:    layout_basic
Zot:4:    layout_onion
Zot:5:    layout_onion, gammafunk_ghost_crypt
Pan:      gammafunk_the_bubble [the_bubble_gammafunk_split], layout_grid_shapes,
          pan_blood_fountain_small, evilmike_mini_pan_pillars_b,
          layout_cellular_growth, special_room [special_room_demon_pit],
          pan_blood_fountain, nicolae_pan_lom_lobonic_4, nicolae_pan_sigil_obb,
          evilmike_holy_pan, regret_index_pan_draining_boxed, layout_basic,
          pan_blood_fountain, evilmike_mini_pan_other_thingy,
          layout_pan_divisions_b [pan_division_quadrant_b2,
          pan_division_quadrant_b3, pan_division_quadrant_b3,
          pan_division_quadrant_b5], evilmike_mini_pan_layers,
          layout_cellular_growth, pan_blood_fountain_2, uniq_mennas_pan,
          nicolae_pan_sick_transit, nicolae_pan_gloorx_vloqian_3, mnoleg_grunt,
          layout_rooms, evilmike_mini_pan_doors_b, layout_pan_divisions_b
          [pan_division_quadrant_b3, pan_division_quadrant_b4,
          pan_division_quadrant_b2, pan_division_quadrant_b3], pan_surprise,
          gloorx_vloq_st, layout_rooms, reaverb_pan_figure_eight

Notes
Turn   | Place    | Note
-------+----------+-------------------------------------------
     0 | D:1      | phalm the Gnoll Ice Elementalist began the quest for the
                  | Orb.
     0 | D:1      | Reached XP level 1. HP: 13/13 MP: 6/6
     0 | D:1      | magus.rc [v1.9.10]
   226 | D:1      | Reached XP level 2. HP: 17/19 MP: 7/7
   892 | D:1      | Reached XP level 3. HP: 25/25 MP: 7/9
   896 | D:1      | Learned a level 3 spell: Frozen Ramparts
   900 | D:1      | Learned a level 3 spell: Ozocubu's Armour
  1250 | D:2      | Reached skill level 5 in Spellcasting
  1312 | D:2      | Reached skill level 1 in Invocations
  1423 | D:2      | Reached skill level 1 in Fighting
  1423 | D:2      | Reached skill level 1 in Short Blades
  1423 | D:2      | Reached skill level 1 in Long Blades
  1423 | D:2      | Reached skill level 1 in Axes
  1423 | D:2      | Reached skill level 1 in Maces & Flails
  1423 | D:2      | Reached skill level 1 in Polearms
  1423 | D:2      | Reached skill level 1 in Staves
  1423 | D:2      | Reached skill level 1 in Slings
  1423 | D:2      | Reached skill level 1 in Bows
  1423 | D:2      | Reached skill level 1 in Crossbows
  1423 | D:2      | Reached skill level 1 in Throwing
  1423 | D:2      | Reached skill level 1 in Armour
  1423 | D:2      | Reached skill level 1 in Shields
  1423 | D:2      | Reached skill level 1 in Unarmed Combat
  1423 | D:2      | Reached skill level 1 in Evocations
  1423 | D:2      | Reached XP level 4. HP: 31/32 MP: 6/11
  1599 | D:2      | Reached skill level 1 in Conjurations
  1599 | D:2      | Reached skill level 1 in Hexes
  1599 | D:2      | Reached skill level 1 in Summonings
  1599 | D:2      | Reached skill level 1 in Necromancy
  1599 | D:2      | Reached skill level 1 in Translocations
  1599 | D:2      | Reached skill level 1 in Transmutations
  1599 | D:2      | Reached skill level 1 in Fire Magic
  1599 | D:2      | Reached skill level 1 in Air Magic
  1599 | D:2      | Reached skill level 1 in Earth Magic
  1599 | D:2      | Reached skill level 1 in Poison Magic
  1599 | D:2      | Reached XP level 5. HP: 35/37 MP: 7/12
  2068 | D:2      | Found a broken altar of Ashenzari.
  2172 | D:2      | Found a shimmering altar of Xom.
  3151 | D:3      | Reached skill level 2 in Invocations
  3151 | D:3      | Reached XP level 6. HP: 44/44 MP: 7/13
  3349 | D:3      | Found a white marble altar of Elyvilon.
  4014 | D:4      | Noticed Pikel
  4142 | D:4      | Reached skill level 2 in Fighting
  4142 | D:4      | Reached skill level 2 in Short Blades
  4142 | D:4      | Reached skill level 2 in Long Blades
  4142 | D:4      | Reached skill level 2 in Axes
  4142 | D:4      | Reached skill level 2 in Maces & Flails
  4142 | D:4      | Reached skill level 2 in Polearms
  4142 | D:4      | Reached skill level 2 in Staves
  4142 | D:4      | Reached skill level 2 in Slings
  4142 | D:4      | Reached skill level 2 in Bows
  4142 | D:4      | Reached skill level 2 in Crossbows
  4142 | D:4      | Reached skill level 2 in Throwing
  4142 | D:4      | Reached skill level 2 in Armour
  4142 | D:4      | Reached skill level 5 in Dodging
  4142 | D:4      | Reached skill level 2 in Shields
  4142 | D:4      | Reached skill level 2 in Unarmed Combat
  4142 | D:4      | Reached skill level 2 in Evocations
  4437 | D:4      | Reached XP level 7. HP: 48/50 MP: 8/15
  4790 | D:4      | Found a runed translucent door.
  4791 | D:4      | Noticed Crazy Yiuf
  4840 | D:4      | Killed Crazy Yiuf
  4923 | D:5      | Entered Level 5 of the Dungeon
  5059 | D:5      | Reached skill level 2 in Conjurations
  5059 | D:5      | Reached skill level 2 in Hexes
  5059 | D:5      | Reached skill level 2 in Summonings
  5059 | D:5      | Reached skill level 2 in Necromancy
  5059 | D:5      | Reached skill level 2 in Translocations
  5059 | D:5      | Reached skill level 2 in Transmutations
  5059 | D:5      | Reached skill level 2 in Fire Magic
  5059 | D:5      | Reached skill level 2 in Air Magic
  5059 | D:5      | Reached skill level 2 in Earth Magic
  5059 | D:5      | Reached skill level 2 in Poison Magic
  5143 | D:5      | Reached skill level 5 in Stealth
  5334 | D:5      | Reached skill level 3 in Invocations
  5699 | D:5      | Found a shadowy altar of Dithmenos.
  5754 | D:5      | Found a staircase to the Ecumenical Temple.
  5763 | Temple   | Entered the Ecumenical Temple
  5880 | Temple   | Became a worshipper of Cheibriados the Contemplative
  6170 | D:5      | Reached skill level 3 in Fighting
  6170 | D:5      | Reached skill level 3 in Short Blades
  6170 | D:5      | Reached skill level 3 in Long Blades
  6170 | D:5      | Reached skill level 3 in Axes
  6170 | D:5      | Reached skill level 3 in Maces & Flails
  6170 | D:5      | Reached skill level 3 in Polearms
  6170 | D:5      | Reached skill level 3 in Staves
  6170 | D:5      | Reached skill level 3 in Slings
  6170 | D:5      | Reached skill level 3 in Bows
  6170 | D:5      | Reached skill level 3 in Crossbows
  6170 | D:5      | Reached skill level 3 in Throwing
  6170 | D:5      | Reached skill level 3 in Armour
  6170 | D:5      | Reached skill level 3 in Shields
  6170 | D:5      | Reached skill level 3 in Unarmed Combat
  6170 | D:5      | Reached skill level 3 in Evocations
  6170 | D:5      | Reached XP level 8. HP: 48/58 MP: 12/16
  6594 | D:4      | Found a broken altar of Ashenzari.
  6594 | D:4      | Found a shimmering blue altar of Sif Muna.
  6603 | D:4      | Killed Pikel
  6604 | D:4      | Reached skill level 6 in Spellcasting
  6913 | D:6      | Found a white marble altar of Elyvilon.
  6968 | D:6      | Reached skill level 3 in Conjurations
  6968 | D:6      | Reached skill level 3 in Hexes
  6968 | D:6      | Reached skill level 3 in Summonings
  6968 | D:6      | Reached skill level 3 in Necromancy
  6968 | D:6      | Reached skill level 3 in Translocations
  6968 | D:6      | Reached skill level 3 in Transmutations
  6968 | D:6      | Reached skill level 3 in Fire Magic
  6968 | D:6      | Reached skill level 3 in Air Magic
  6968 | D:6      | Reached skill level 3 in Earth Magic
  6968 | D:6      | Reached skill level 3 in Poison Magic
  6968 | D:6      | Reached skill level 4 in Invocations
  7514 | D:6      | Reached skill level 6 in Dodging
  7514 | D:6      | Reached XP level 9. HP: 63/65 MP: 11/18
  7769 | D:6      | Reached * piety under Cheibriados
  8048 | D:6      | Found an opulent altar of Gozag.
  8487 | D:7      | You pick up a book of Callings and begin reading...
  8487 | D:7      | You add the spells Summon Small Mammal, Call Imp, Call
                  | Canine Familiar, Summon Guardian Golem and Summon Lightning
                  | Spire to your library.
  8491 | D:7      | Learned a level 2 spell: Call Imp
  8509 | D:7      | Reached skill level 4 in Fighting
  8509 | D:7      | Reached skill level 4 in Short Blades
  8509 | D:7      | Reached skill level 4 in Long Blades
  8509 | D:7      | Reached skill level 4 in Axes
  8509 | D:7      | Reached skill level 4 in Maces & Flails
  8509 | D:7      | Reached skill level 4 in Polearms
  8509 | D:7      | Reached skill level 4 in Staves
  8509 | D:7      | Reached skill level 4 in Slings
  8509 | D:7      | Reached skill level 4 in Bows
  8509 | D:7      | Reached skill level 4 in Crossbows
  8509 | D:7      | Reached skill level 4 in Throwing
  8509 | D:7      | Reached skill level 4 in Armour
  8509 | D:7      | Reached skill level 4 in Shields
  8509 | D:7      | Reached skill level 4 in Unarmed Combat
  8509 | D:7      | Reached skill level 4 in Evocations
  9182 | D:8      | Reached skill level 6 in Stealth
  9182 | D:8      | Reached skill level 8 in Ice Magic
  9269 | D:8      | Found a stormy altar of Qazlal.
  9537 | D:8      | Found Ucuhum's Antique Armour Emporium.
  9561 | D:8      | Bought a warped ring mail for 243 gold pieces
  9571 | D:8      | Identified the cursed +1 ring mail of Eternal Night {Harm
                  | rF- Str+5 Stlth+} (You bought it in a shop on level 8 of
                  | the Dungeon)
  9702 | D:8      | Reached ** piety under Cheibriados
 10178 | D:8      | Identified a +2 robe of the Archmagi
 10286 | D:8      | Reached skill level 5 in Invocations
 10856 | D:9      | Reached skill level 7 in Spellcasting
 10992 | D:9      | Reached skill level 4 in Conjurations
 10992 | D:9      | Reached skill level 4 in Hexes
 10992 | D:9      | Reached skill level 4 in Summonings
 10992 | D:9      | Reached skill level 4 in Necromancy
 10992 | D:9      | Reached skill level 4 in Translocations
 10992 | D:9      | Reached skill level 4 in Transmutations
 10992 | D:9      | Reached skill level 4 in Fire Magic
 10992 | D:9      | Reached skill level 4 in Air Magic
 10992 | D:9      | Reached skill level 4 in Earth Magic
 10992 | D:9      | Reached skill level 4 in Poison Magic
 10992 | D:9      | Reached XP level 10. HP: 48/73 MP: 20/20
 11117 | D:9      | Reached skill level 5 in Fighting
 11117 | D:9      | Reached skill level 5 in Short Blades
 11117 | D:9      | Reached skill level 5 in Long Blades
 11117 | D:9      | Reached skill level 5 in Axes
 11117 | D:9      | Reached skill level 5 in Maces & Flails
 11117 | D:9      | Reached skill level 5 in Polearms
 11117 | D:9      | Reached skill level 5 in Staves
 11117 | D:9      | Reached skill level 5 in Slings
 11117 | D:9      | Reached skill level 5 in Bows
 11117 | D:9      | Reached skill level 5 in Crossbows
 11117 | D:9      | Reached skill level 5 in Throwing
 11117 | D:9      | Reached skill level 5 in Armour
 11117 | D:9      | Reached skill level 5 in Shields
 11117 | D:9      | Reached skill level 5 in Unarmed Combat
 11117 | D:9      | Reached skill level 5 in Evocations
 11122 | D:9      | Reached *** piety under Cheibriados
 11380 | D:9      | Reached skill level 7 in Dodging
 11450 | D:9      | Found a staircase to the Orcish Mines.
 11454 | D:9      | Found Nunosec's Armour Shoppe.
 11464 | D:9      | Bought a +1 pair of boots of flying for 247 gold pieces
 11770 | D:9      | Reached **** piety under Cheibriados
 11982 | D:9      | You pick up a book of Cantrips and begin reading...
 11982 | D:9      | You add the spells Corona, Animate Skeleton and Apportation
                  | to your library.
 12029 | D:9      | Noticed a centaur warrior
 12037 | D:9      | Killed a centaur warrior
 12038 | D:9      | Reached skill level 7 in Stealth
 12038 | D:9      | Reached skill level 6 in Invocations
 12298 | Orc:1    | Entered Level 1 of the Orcish Mines
 12497 | Orc:2    | Entered Level 2 of the Orcish Mines
 12629 | Orc:2    | Noticed a two-headed ogre
 12638 | Orc:2    | Killed a two-headed ogre
 12639 | Orc:2    | Reached XP level 11. HP: 81/81 MP: 12/22
 12714 | Orc:2    | HP: 19/81 [orc warrior/cursed -1 glaive (19)]
 12719 | Orc:2    | Reached ***** piety under Cheibriados
 13059 | Orc:2    | Noticed a two-headed ogre
 13076 | Orc:2    | Killed a two-headed ogre
 13077 | Orc:2    | Reached skill level 6 in Fighting
 13077 | Orc:2    | Reached skill level 6 in Short Blades
 13077 | Orc:2    | Reached skill level 6 in Long Blades
 13077 | Orc:2    | Reached skill level 6 in Axes
 13077 | Orc:2    | Reached skill level 6 in Maces & Flails
 13077 | Orc:2    | Reached skill level 6 in Polearms
 13077 | Orc:2    | Reached skill level 6 in Staves
 13077 | Orc:2    | Reached skill level 6 in Slings
 13077 | Orc:2    | Reached skill level 6 in Bows
 13077 | Orc:2    | Reached skill level 6 in Crossbows
 13077 | Orc:2    | Reached skill level 6 in Throwing
 13077 | Orc:2    | Reached skill level 6 in Armour
 13077 | Orc:2    | Reached skill level 6 in Shields
 13077 | Orc:2    | Reached skill level 6 in Unarmed Combat
 13077 | Orc:2    | Reached skill level 5 in Conjurations
 13077 | Orc:2    | Reached skill level 5 in Hexes
 13077 | Orc:2    | Reached skill level 5 in Summonings
 13077 | Orc:2    | Reached skill level 5 in Necromancy
 13077 | Orc:2    | Reached skill level 5 in Translocations
 13077 | Orc:2    | Reached skill level 5 in Transmutations
 13077 | Orc:2    | Reached skill level 5 in Fire Magic
 13077 | Orc:2    | Reached skill level 5 in Air Magic
 13077 | Orc:2    | Reached skill level 5 in Earth Magic
 13077 | Orc:2    | Reached skill level 5 in Poison Magic
 13077 | Orc:2    | Reached skill level 6 in Evocations
 13164 | Orc:1    | Noticed an orc sorcerer
 13231 | D:10     | Entered Level 10 of the Dungeon
 13289 | D:10     | Reached skill level 8 in Spellcasting
 13786 | D:10     | Learned a level 4 spell: Summon Lightning Spire
 14276 | D:10     | Found a staircase to the Lair.
 14568 | Lair:1   | Entered Level 1 of the Lair of Beasts
 14590 | Lair:1   | Reached skill level 8 in Dodging
 14590 | Lair:1   | Reached skill level 9 in Ice Magic
 14590 | Lair:1   | Reached skill level 7 in Invocations
 14681 | Lair:1   | Found a runed translucent door.
 14701 | Lair:1   | Reached skill level 8 in Stealth
 14731 | Lair:1   | Found a gate leading to a gauntlet.
 14740 | Gauntlet | Entered a Gauntlet
 14740 | Gauntlet | Found a transporter.
 14754 | Gauntlet | Noticed a hell hog
 14758 | Gauntlet | Found a transporter.
 14779 | Gauntlet | Found a transporter.
 14782 | Gauntlet | Found a transporter.
 14784 | Gauntlet | Found a large runed translucent door.
 14785 | Gauntlet | Found a large runed translucent door.
 14787 | Gauntlet | Found a large runed translucent door.
 14787 | Gauntlet | Found a large runed translucent door.
 14787 | Gauntlet | Found a runed translucent door.
 14788 | Gauntlet | Found a large runed translucent door.
 14790 | Gauntlet | Found a large runed translucent door.
 14791 | Gauntlet | Found a large runed translucent door.
 14791 | Gauntlet | Found a large runed translucent door.
 14792 | Gauntlet | Found a runed translucent gate.
 14809 | Gauntlet | Found a transporter.
 14809 | Gauntlet | Found a runed translucent gate.
 14809 | Gauntlet | Noticed an orange crystal statue
 14810 | Gauntlet | Found a runed translucent gate.
 14812 | Gauntlet | Found a large runed translucent door.
 14813 | Gauntlet | Found a large runed translucent door.
 14825 | Gauntlet | Found a transporter.
 14826 | Gauntlet | Found a large runed translucent door.
 14833 | Gauntlet | Noticed a wretched star
 14839 | Gauntlet | Noticed a dire elephant
 14840 | Gauntlet | Found a transporter.
 14869 | Gauntlet | Found the +9 staff of Olgreb {rPois∞}
 14873 | Gauntlet | Found a transporter.
 14873 | Gauntlet | Found a transporter.
 14879 | Gauntlet | Found a transporter.
 14913 | Gauntlet | Found a transporter.
 14913 | Gauntlet | Found a transporter.
 14933 | Gauntlet | Found a large runed translucent door.
 14934 | Gauntlet | Found a large runed translucent door.
 14935 | Gauntlet | Found a large runed translucent door.
 14936 | Gauntlet | Found a runed translucent door.
 14936 | Gauntlet | Found a large runed translucent door.
 14937 | Gauntlet | Found a large runed translucent door.
 15245 | Gauntlet | Reached XP level 12. HP: 65/89 MP: 4/24
 15245 | Gauntlet | Killed a dire elephant
 15250 | Gauntlet | Reached skill level 7 in Fighting
 15250 | Gauntlet | Reached skill level 7 in Short Blades
 15250 | Gauntlet | Reached skill level 7 in Long Blades
 15250 | Gauntlet | Reached skill level 7 in Axes
 15250 | Gauntlet | Reached skill level 7 in Maces & Flails
 15250 | Gauntlet | Reached skill level 7 in Polearms
 15250 | Gauntlet | Reached skill level 7 in Staves
 15250 | Gauntlet | Reached skill level 7 in Slings
 15250 | Gauntlet | Reached skill level 7 in Bows
 15250 | Gauntlet | Reached skill level 7 in Crossbows
 15250 | Gauntlet | Reached skill level 7 in Throwing
 15250 | Gauntlet | Reached skill level 7 in Armour
 15250 | Gauntlet | Reached skill level 7 in Shields
 15250 | Gauntlet | Reached skill level 7 in Unarmed Combat
 15250 | Gauntlet | Reached skill level 7 in Evocations
 15427 | Gauntlet | Noticed a minotaur
 15435 | Gauntlet | Killed a minotaur
 15567 | Gauntlet | You pick up a book of Transfigurations and begin reading...
 15567 | Gauntlet | You add the spells Irradiate, Statue Form, Hydra Form and
                  | Dragon Form to your library.
 15567 | Gauntlet | You pick up a book of Annihilations and begin reading...
 15567 | Gauntlet | You add the spells Chain Lightning, Lehudib's Crystal
                  | Spear, Absolute Zero and Fire Storm to your library.
 15671 | Lair:1   | Noticed a seven-headed hydra
 15676 | Lair:1   | Reached skill level 6 in Conjurations
 15676 | Lair:1   | Reached skill level 6 in Hexes
 15676 | Lair:1   | Reached skill level 6 in Summonings
 15676 | Lair:1   | Reached skill level 6 in Necromancy
 15676 | Lair:1   | Reached skill level 6 in Translocations
 15676 | Lair:1   | Reached skill level 6 in Transmutations
 15676 | Lair:1   | Reached skill level 6 in Fire Magic
 15676 | Lair:1   | Reached skill level 6 in Air Magic
 15676 | Lair:1   | Reached skill level 6 in Earth Magic
 15676 | Lair:1   | Reached skill level 6 in Poison Magic
 15679 | Lair:1   | Killed a seven-headed hydra
 15680 | Lair:1   | Reached skill level 8 in Invocations
 15948 | Lair:1   | Reached skill level 9 in Spellcasting
 16463 | Lair:1   | Noticed Gaza's ghost (journeyman MiBe)
 16740 | Lair:2   | Found a staircase to the Shoals.
 16805 | Lair:2   | Found a frozen archway.
 16814 | Lair:2   | Learned a level 5 spell: Irradiate
 17042 | IceCv    | Entered an ice cave
 17086 | IceCv    | Reached skill level 9 in Dodging
 17445 | IceCv    | Reached XP level 13. HP: 74/98 MP: 9/26
 17573 | IceCv    | Reached skill level 9 in Stealth
 17576 | IceCv    | Reached ****** piety under Cheibriados
 18297 | IceCv    | Reached skill level 8 in Fighting
 18297 | IceCv    | Reached skill level 8 in Short Blades
 18297 | IceCv    | Reached skill level 8 in Long Blades
 18297 | IceCv    | Reached skill level 8 in Axes
 18297 | IceCv    | Reached skill level 8 in Maces & Flails
 18297 | IceCv    | Reached skill level 8 in Polearms
 18297 | IceCv    | Reached skill level 8 in Staves
 18297 | IceCv    | Reached skill level 8 in Slings
 18297 | IceCv    | Reached skill level 8 in Bows
 18297 | IceCv    | Reached skill level 8 in Crossbows
 18297 | IceCv    | Reached skill level 8 in Throwing
 18297 | IceCv    | Reached skill level 8 in Armour
 18297 | IceCv    | Reached skill level 8 in Shields
 18297 | IceCv    | Reached skill level 8 in Unarmed Combat
 18297 | IceCv    | Reached skill level 8 in Evocations
 18469 | IceCv    | Noticed a frost giant
 18477 | IceCv    | Killed a frost giant
 18479 | IceCv    | Reached skill level 9 in Invocations
 18812 | Lair:2   | You pick up a book of Maledictions and begin reading...
 18812 | Lair:2   | You add the spells Ensorcelled Hibernation, Confusing
                  | Touch, Tukima's Dance and Dazzling Flash to your library.
 19082 | Lair:2   | Reached skill level 10 in Ice Magic
 19740 | Lair:2   | Reached skill level 7 in Conjurations
 19740 | Lair:2   | Reached skill level 7 in Hexes
 19740 | Lair:2   | Reached skill level 7 in Summonings
 19740 | Lair:2   | Reached skill level 7 in Necromancy
 19740 | Lair:2   | Reached skill level 7 in Translocations
 19740 | Lair:2   | Reached skill level 7 in Transmutations
 19740 | Lair:2   | Reached skill level 7 in Fire Magic
 19740 | Lair:2   | Reached skill level 7 in Air Magic
 19740 | Lair:2   | Reached skill level 7 in Earth Magic
 19740 | Lair:2   | Reached skill level 7 in Poison Magic
 20304 | Lair:3   | Noticed Rupert
 20318 | Lair:3   | Killed Rupert
 20319 | Lair:3   | Reached skill level 10 in Spellcasting
 20636 | Lair:3   | Reached XP level 14. HP: 91/106 MP: 13/28
 20644 | Lair:3   | Reached skill level 10 in Dodging
 20784 | Lair:3   | Got a ruby-encrusted ring mail
 21043 | Lair:3   | Got a brightly glowing ring mail
 21054 | Lair:3   | Identified the cursed +0 ring mail "Dijahin" {rF+} (You
                  | found it on level 3 of the Lair of Beasts)
 21065 | Lair:3   | Identified the cursed +1 ring mail of Hedge Wizardry {rF+}
                  | (You found it on level 3 of the Lair of Beasts)
 21587 | Lair:4   | Reached skill level 9 in Fighting
 21587 | Lair:4   | Reached skill level 9 in Short Blades
 21587 | Lair:4   | Reached skill level 9 in Long Blades
 21587 | Lair:4   | Reached skill level 9 in Axes
 21587 | Lair:4   | Reached skill level 9 in Maces & Flails
 21587 | Lair:4   | Reached skill level 9 in Polearms
 21587 | Lair:4   | Reached skill level 9 in Staves
 21587 | Lair:4   | Reached skill level 9 in Slings
 21587 | Lair:4   | Reached skill level 9 in Bows
 21587 | Lair:4   | Reached skill level 9 in Crossbows
 21587 | Lair:4   | Reached skill level 9 in Throwing
 21587 | Lair:4   | Reached skill level 9 in Armour
 21587 | Lair:4   | Reached skill level 9 in Shields
 21587 | Lair:4   | Reached skill level 9 in Unarmed Combat
 21587 | Lair:4   | Reached skill level 9 in Evocations
 22017 | Lair:4   | Reached skill level 10 in Stealth
 22160 | Lair:4   | Found a hole to the Spider Nest.
 22713 | Lair:5   | Reached skill level 10 in Invocations
 22802 | Lair:5   | Found a stormy altar of Qazlal.
 23054 | Lair:5   | Found a staircase to the Slime Pits.
 23054 | Lair:5   | Found a viscous altar of Jiyva.
 23283 | Slime:1  | Entered Level 1 of the Pits of Slime
 23290 | Lair:6   | Entered Level 6 of the Lair of Beasts
 23799 | Lair:6   | Reached skill level 8 in Conjurations
 23799 | Lair:6   | Reached skill level 8 in Hexes
 23799 | Lair:6   | Reached skill level 8 in Summonings
 23799 | Lair:6   | Reached skill level 8 in Necromancy
 23799 | Lair:6   | Reached skill level 8 in Translocations
 23799 | Lair:6   | Reached skill level 8 in Transmutations
 23799 | Lair:6   | Reached skill level 8 in Fire Magic
 23799 | Lair:6   | Reached skill level 8 in Air Magic
 23799 | Lair:6   | Reached skill level 8 in Earth Magic
 23799 | Lair:6   | Reached skill level 8 in Poison Magic
 24429 | Lair:6   | You pick up a book of Frost and begin reading...
 24539 | Lair:6   | Reached XP level 15. HP: 69/115 MP: 14/29
 24952 | Lair:6   | Got a crude spear
 24953 | Lair:6   | Identified the +4 spear "Zeibb" {vorpal, rElec Str+3 Dex+8}
                  | (You found it on level 6 of the Lair of Beasts)
 24957 | Lair:6   | Got an agate-studded leather armour
 24968 | Lair:6   | Identified the +1 leather armour of Jaweagut {rCorr Str+4}
                  | (You found it on level 6 of the Lair of Beasts)
 25078 | Lair:6   | Reached skill level 11 in Spellcasting
 25750 | Lair:1   | Killed Gaza's ghost
 26717 | Orc:2    | Reached skill level 10 in Fighting
 26717 | Orc:2    | Reached skill level 10 in Short Blades
 26717 | Orc:2    | Reached skill level 10 in Long Blades
 26717 | Orc:2    | Reached skill level 10 in Axes
 26717 | Orc:2    | Reached skill level 10 in Maces & Flails
 26717 | Orc:2    | Reached skill level 10 in Polearms
 26717 | Orc:2    | Reached skill level 10 in Staves
 26717 | Orc:2    | Reached skill level 10 in Slings
 26717 | Orc:2    | Reached skill level 10 in Bows
 26717 | Orc:2    | Reached skill level 10 in Crossbows
 26717 | Orc:2    | Reached skill level 10 in Throwing
 26717 | Orc:2    | Reached skill level 10 in Armour
 26717 | Orc:2    | Reached skill level 10 in Shields
 26717 | Orc:2    | Reached skill level 10 in Unarmed Combat
 26717 | Orc:2    | Reached skill level 10 in Evocations
 26760 | Orc:2    | Found Gexen's General Store.
 26815 | Orc:2    | Found a roughly hewn altar of Beogh.
 26992 | Orc:2    | Reached skill level 11 in Dodging
 27072 | Orc:2    | Found Hacitz's Assorted Antiques.
 27093 | Orc:2    | Bought a translucent leather armour for 203 gold pieces
 27103 | Orc:2    | Identified the +1 leather armour "Wankumma" {Dex+4 Stlth+}
                  | (You bought it in a shop on level 2 of the Orcish Mines)
 27457 | Orc:2    | Reached skill level 11 in Ice Magic
 27615 | Orc:2    | Noticed Saint Roka
 27644 | Orc:2    | HP: 23/115 [Saint Roka/divine providence (10)]
 27646 | Orc:2    | Killed Saint Roka
 27647 | Orc:2    | Reached skill level 11 in Stealth
 27647 | Orc:2    | Reached skill level 11 in Invocations
 28031 | Orc:2    | Found a roughly hewn altar of Beogh.
 28199 | Orc:2    | Found Ocawkuri's Antique Weapon Boutique.
 28209 | Orc:2    | Bought a runed hand crossbow for 175 gold pieces
 28209 | Orc:2    | Bought a transparent broad axe for 243 gold pieces
 28210 | Orc:2    | Identified the cursed +3 broad axe "Omnougref" {protect,
                  | *Corrode +Rage rElec rN+++} (You bought it in a shop on
                  | level 2 of the Orcish Mines)
 28438 | Orc:2    | Found Yrghic's Magic Scroll Shop.
 28555 | Orc:2    | Bought a scroll of random uselessness for 16 gold pieces
 28654 | Orc:2    | Bought a lumpy blue amulet for 145 gold pieces
 28654 | Orc:2    | Bought a large beryl amulet for 145 gold pieces
 28861 | Orc:2    | Found a staircase to the Elven Halls.
 28995 | Orc:2    | Got an encrusted rapier
 29000 | Orc:2    | Identified the +5 rapier "Zeit" {holy, Str+6 Int+3} (You
                  | found it on level 2 of the Orcish Mines)
 30045 | D:12     | Found Uxutt's General Store.
 30568 | D:12     | You are sucked into a shaft and drop 2 floors!
 30591 | D:14     | Reached XP level 16. HP: 118/123 MP: 23/31
 31869 | D:13     | Reached skill level 9 in Conjurations
 31869 | D:13     | Reached skill level 9 in Hexes
 31869 | D:13     | Reached skill level 9 in Summonings
 31869 | D:13     | Reached skill level 9 in Necromancy
 31869 | D:13     | Reached skill level 9 in Translocations
 31869 | D:13     | Reached skill level 9 in Transmutations
 31869 | D:13     | Reached skill level 9 in Fire Magic
 31869 | D:13     | Reached skill level 9 in Air Magic
 31869 | D:13     | Reached skill level 9 in Earth Magic
 31869 | D:13     | Reached skill level 9 in Poison Magic
 32073 | D:13     | Found a gate to the Vaults.
 33347 | D:12     | Bought a book of Geomancy for 455 gold pieces
 33347 | D:12     | You pick up a book of Geomancy and begin reading...
 33347 | D:12     | You add the spells Sandblast, Passwall, Stone Arrow,
                  | Petrify and Lee's Rapid Deconstruction to your library.
 33350 | D:12     | Learned a level 2 spell: Passwall
 34203 | D:14     | You pick up a book of Callings and begin reading...
 34822 | D:15     | Entered Level 15 of the Dungeon
 35146 | D:15     | Reached skill level 11 in Fighting
 35146 | D:15     | Reached skill level 11 in Short Blades
 35146 | D:15     | Reached skill level 11 in Long Blades
 35146 | D:15     | Reached skill level 11 in Axes
 35146 | D:15     | Reached skill level 11 in Maces & Flails
 35146 | D:15     | Reached skill level 11 in Polearms
 35146 | D:15     | Reached skill level 11 in Staves
 35146 | D:15     | Reached skill level 11 in Slings
 35146 | D:15     | Reached skill level 11 in Bows
 35146 | D:15     | Reached skill level 11 in Crossbows
 35146 | D:15     | Reached skill level 11 in Throwing
 35146 | D:15     | Reached skill level 11 in Armour
 35146 | D:15     | Reached skill level 11 in Shields
 35146 | D:15     | Reached skill level 11 in Unarmed Combat
 35146 | D:15     | Reached skill level 11 in Evocations
 35581 | D:15     | Reached skill level 12 in Spellcasting
 35761 | D:15     | Found a staircase to the Depths.
 36520 | Spider:1 | Entered Level 1 of the Spider Nest
 36539 | Spider:1 | Reached skill level 12 in Invocations
 36931 | Spider:1 | Reached skill level 12 in Dodging
 37027 | Spider:1 | Reached XP level 17. HP: 131/131 MP: 25/33
 37097 | Spider:1 | You are sucked into a shaft and drop 1 floor!
 37688 | Spider:1 | Reached skill level 12 in Stealth
 38498 | Spider:1 | Identified a scroll of acquirement
 38499 | Spider:1 | Acquired 715 gold pieces
 39574 | Spider:2 | Found the +8 demon blade "Leech" {vamp, *Rage +Rage rN+}
 40071 | Spider:3 | HP: 29/131 [spark wasp (13)]
 40072 | Spider:3 | HP: 6/131 [spark wasp (14)]
 40617 | Spider:3 | Noticed Bai Suzhen
 40709 | Lair:2   | Learned a level 2 spell: Ensorcelled Hibernation
 40911 | Spider:2 | Killed Bai Suzhen
 40912 | Spider:2 | Reached skill level 10 in Conjurations
 40912 | Spider:2 | Reached skill level 10 in Hexes
 40912 | Spider:2 | Reached skill level 10 in Summonings
 40912 | Spider:2 | Reached skill level 10 in Necromancy
 40912 | Spider:2 | Reached skill level 10 in Translocations
 40912 | Spider:2 | Reached skill level 10 in Transmutations
 40912 | Spider:2 | Reached skill level 10 in Fire Magic
 40912 | Spider:2 | Reached skill level 12 in Ice Magic
 40912 | Spider:2 | Reached skill level 10 in Air Magic
 40912 | Spider:2 | Reached skill level 10 in Earth Magic
 40912 | Spider:2 | Reached skill level 10 in Poison Magic
 41536 | Spider:3 | Got a steaming kite shield
 41547 | Spider:3 | Identified the +5 kite shield of Coipy {*Contam *Corrode
                  | Int+8 SInv} (You found it on level 3 of the Spider Nest)
 41925 | Spider:4 | Entered Level 4 of the Spider Nest
 42282 | Spider:4 | Reached XP level 18. HP: 137/140 MP: 17/34
 42814 | Spider:4 | Reached skill level 12 in Fighting
 42814 | Spider:4 | Reached skill level 12 in Short Blades
 42814 | Spider:4 | Reached skill level 12 in Long Blades
 42814 | Spider:4 | Reached skill level 12 in Axes
 42814 | Spider:4 | Reached skill level 12 in Maces & Flails
 42814 | Spider:4 | Reached skill level 12 in Polearms
 42814 | Spider:4 | Reached skill level 12 in Staves
 42814 | Spider:4 | Reached skill level 12 in Slings
 42814 | Spider:4 | Reached skill level 12 in Bows
 42814 | Spider:4 | Reached skill level 12 in Crossbows
 42814 | Spider:4 | Reached skill level 12 in Throwing
 42814 | Spider:4 | Reached skill level 12 in Armour
 42814 | Spider:4 | Reached skill level 12 in Shields
 42814 | Spider:4 | Reached skill level 12 in Unarmed Combat
 42814 | Spider:4 | Reached skill level 12 in Evocations
 42885 | Spider:4 | Reached skill level 13 in Invocations
 43262 | Spider:4 | Reached skill level 13 in Spellcasting
 43413 | Spider:4 | Got a gossamer rune of Zot
 43958 | Orc:2    | Bought a scroll of identify for 32 gold pieces
 43958 | Orc:2    | Bought a scroll of identify for 32 gold pieces
 43958 | Orc:2    | Bought a scroll of identify for 32 gold pieces
 43961 | Orc:2    | Bought a scroll of identify for 32 gold pieces
 44342 | Elf:1    | Entered Level 1 of the Elven Halls
 45109 | Elf:1    | HP: 33/140 [deep elf mage/bolt of lightning (26)]
 45109 | Elf:1    | HP: 14/140 [deep elf mage/bolt of lightning (19)]
 45114 | Elf:1    | Reached skill level 13 in Dodging
 45510 | Elf:1    | Identified Koch's Grimoire of Intuition
 45511 | Elf:1    | You add the spells Summon Mana Viper and Summon Forest to
                  | your library.
 46231 | Shoals:1 | Entered Level 1 of the Shoals
 46440 | Shoals:1 | Reached skill level 13 in Stealth
 47409 | Shoals:2 | You add the spells Sting, Poisonous Vapours, Mephitic
                  | Cloud, Ignite Poison and Olgreb's Toxic Radiance to your
                  | library.
 47414 | Shoals:2 | Learned a level 3 spell: Ignite Poison
 47871 | Shoals:2 | Found a runed translucent door.
 47949 | Shoals:2 | You add the spells Corpse Rot, Eringya's Noxious Bog and
                  | Summon Hydra to your library.
 48010 | Shoals:2 | Reached XP level 19. HP: 135/147 MP: 14/36
 48155 | Shoals:2 | You pick up a book of Geomancy and begin reading...
 49627 | Shoals:3 | Found a shimmering altar of Xom.
 49687 | Shoals:3 | Found Wuxemela's Magic Scroll Boutique.
 49697 | Shoals:3 | Bought a scroll of acquirement for 728 gold pieces
 49697 | Shoals:3 | Bought a scroll of acquirement for 728 gold pieces
 49697 | Shoals:3 | Bought a scroll of identify for 28 gold pieces
 49698 | Shoals:3 | Acquired 612 gold pieces
 49700 | Shoals:3 | Acquired 939 gold pieces
 50276 | Shoals:4 | Entered Level 4 of the Shoals
 50402 | Shoals:4 | Noticed Polyphemus
 50409 | Shoals:4 | Killed Polyphemus
 50472 | Shoals:4 | Reached skill level 11 in Conjurations
 50472 | Shoals:4 | Reached skill level 11 in Hexes
 50472 | Shoals:4 | Reached skill level 11 in Summonings
 50472 | Shoals:4 | Reached skill level 11 in Necromancy
 50472 | Shoals:4 | Reached skill level 11 in Translocations
 50472 | Shoals:4 | Reached skill level 11 in Transmutations
 50472 | Shoals:4 | Reached skill level 11 in Fire Magic
 50472 | Shoals:4 | Reached skill level 11 in Air Magic
 50472 | Shoals:4 | Reached skill level 11 in Earth Magic
 50472 | Shoals:4 | Reached skill level 11 in Poison Magic
 50478 | Shoals:4 | Got a barnacled rune of Zot
 51226 | Shoals:4 | n - shiny pearl dragon scales {rare}
 51227 | Shoals:4 | Identified +2 pearl dragon scales {rare} (You found it on
                  | level 4 of the Shoals)
 51227 | Shoals:4 | n - +2 pearl dragon scales {rare}
 51339 | Shoals:4 | Identified the +4 ring mail of the Gusle {*Corrode rC++
                  | rN+} (You found it on level 4 of the Shoals)
 51397 | Shoals:4 | Identified the Volume of Orientation
 51398 | Shoals:4 | You add the spells Blink and Malign Gateway to your
                  | library.
 51402 | Shoals:4 | Learned a level 2 spell: Blink
 51601 | Shoals:4 | Identified the ring of Buamnaon {+Blink rC+ Str-4 Dex+7
                  | Slay+4} (You found it on level 4 of the Shoals)
 51638 | Shoals:4 | Reached skill level 14 in Invocations
 52142 | Lair:2   | You drop +2 pearl dragon scales {rare}.
 52319 | Vaults:1 | Entered Level 1 of the Vaults
 52323 | Vaults:1 | Reached skill level 13 in Fighting
 52323 | Vaults:1 | Reached skill level 13 in Short Blades
 52323 | Vaults:1 | Reached skill level 13 in Long Blades
 52323 | Vaults:1 | Reached skill level 13 in Axes
 52323 | Vaults:1 | Reached skill level 13 in Maces & Flails
 52323 | Vaults:1 | Reached skill level 13 in Polearms
 52323 | Vaults:1 | Reached skill level 13 in Staves
 52323 | Vaults:1 | Reached skill level 13 in Slings
 52323 | Vaults:1 | Reached skill level 13 in Bows
 52323 | Vaults:1 | Reached skill level 13 in Crossbows
 52323 | Vaults:1 | Reached skill level 13 in Throwing
 52323 | Vaults:1 | Reached skill level 13 in Armour
 52323 | Vaults:1 | Reached skill level 13 in Shields
 52323 | Vaults:1 | Reached skill level 13 in Unarmed Combat
 52323 | Vaults:1 | Reached skill level 13 in Evocations
 52673 | Vaults:1 | Reached skill level 13 in Ice Magic
 53230 | Vaults:1 | Reached XP level 20. HP: 122/156 MP: 26/37
 53713 | Vaults:1 | Reached skill level 14 in Spellcasting
 54387 | Vaults:1 | Reached skill level 14 in Dodging
 54851 | Vaults:2 | Reached skill level 14 in Stealth
 55236 | Vaults:2 | Found Acsuv's General Store.
 55505 | Vaults:2 | Found Peme Gywn's Distillery.
 55555 | Vaults:2 | Bought a potion of heal wounds for 95 gold pieces
 55738 | Vaults:2 | Found Leapsyse's Armour Shop.
 56097 | Vaults:2 | Noticed Mara
 56108 | Vaults:2 | Killed Mara
 56382 | Vaults:2 | Reached XP level 21. HP: 164/164 MP: 30/39
 56518 | Vaults:2 | Found Ryw Kuid's Gadget Boutique.
 56814 | Vaults:3 | Found Fyun's Armour Boutique.
 56953 | Vaults:3 | Noticed a curse skull
 56968 | Vaults:3 | Killed a curse skull
 56987 | Vaults:3 | Identified a +1 robe of the Archmagi
 57032 | Vaults:3 | Reached skill level 15 in Invocations
 57046 | Vaults:3 | Reached skill level 12 in Conjurations
 57046 | Vaults:3 | Reached skill level 12 in Hexes
 57046 | Vaults:3 | Reached skill level 12 in Summonings
 57046 | Vaults:3 | Reached skill level 12 in Necromancy
 57046 | Vaults:3 | Reached skill level 12 in Translocations
 57046 | Vaults:3 | Reached skill level 12 in Transmutations
 57046 | Vaults:3 | Reached skill level 12 in Fire Magic
 57046 | Vaults:3 | Reached skill level 12 in Air Magic
 57046 | Vaults:3 | Reached skill level 12 in Earth Magic
 57046 | Vaults:3 | Reached skill level 12 in Poison Magic
 57189 | Vaults:3 | Found a staircase to the Crypt.
 57387 | Vaults:3 | Reached skill level 14 in Fighting
 57387 | Vaults:3 | Reached skill level 14 in Short Blades
 57387 | Vaults:3 | Reached skill level 14 in Long Blades
 57387 | Vaults:3 | Reached skill level 14 in Axes
 57387 | Vaults:3 | Reached skill level 14 in Maces & Flails
 57387 | Vaults:3 | Reached skill level 14 in Polearms
 57387 | Vaults:3 | Reached skill level 14 in Staves
 57387 | Vaults:3 | Reached skill level 14 in Slings
 57387 | Vaults:3 | Reached skill level 14 in Bows
 57387 | Vaults:3 | Reached skill level 14 in Crossbows
 57387 | Vaults:3 | Reached skill level 14 in Throwing
 57387 | Vaults:3 | Reached skill level 14 in Armour
 57387 | Vaults:3 | Reached skill level 14 in Shields
 57387 | Vaults:3 | Reached skill level 14 in Unarmed Combat
 57387 | Vaults:3 | Reached skill level 14 in Evocations
 59219 | Orc:2    | Bought polished gold dragon scales for 2465 gold pieces
 59219 | Orc:2    | X - polished gold dragon scales {rare}
 59219 | Orc:2    | Identified the +2 gold dragon scales of Kedao {rPois rF+
                  | rC+ Int+6, rare} (You bought it in a shop on level 2 of the
                  | Orcish Mines)
 59219 | Orc:2    | X - the +2 gold dragon scales of Kedao {rPois rF+ rC+
                  | Int+6, rare}
 59230 | Orc:2    | You finish putting on the +2 gold dragon scales of Kedao
                  | {rPois rF+ rC+ Int+6, rare}.
 59235 | Orc:2    | You finish taking off the +2 gold dragon scales of Kedao
                  | {rPois rF+ rC+ Int+6, rare}.
 59250 | Orc:2    | You finish putting on the +2 gold dragon scales of Kedao
                  | {rPois rF+ rC+ Int+6, rare}.
 59255 | Orc:2    | You finish taking off the +2 gold dragon scales of Kedao
                  | {rPois rF+ rC+ Int+6, rare}.
 59448 | Lair:2   | You drop the +2 gold dragon scales of Kedao {rPois rF+ rC+
                  | Int+6, rare}.
 59776 | Vaults:4 | Got a faintly glowing cloak
 59794 | Vaults:4 | Identified the +0 cloak "Bekhib Das" {rF+ Str+4 Int+3} (You
                  | found it on level 4 of the Vaults)
 59884 | Vaults:4 | Reached skill level 15 in Spellcasting
 59939 | Vaults:4 | Reached XP level 22. HP: 172/172 MP: 24/41
 60138 | Vaults:4 | Found Qies's Weapon Shop.
 60241 | Vaults:4 | You pick up a book of Changes and begin reading...
 60241 | Vaults:4 | You add the spells Beastly Appendage, Wereblood, Spider
                  | Form, Ice Form and Blade Hands to your library.
 60439 | Vaults:4 | Reached skill level 15 in Dodging
 60467 | Vaults:4 | Reached skill level 14 in Ice Magic
 60578 | Vaults:4 | magus.rc [v1.9.10]
 60815 | Vaults:4 | Reached skill level 15 in Stealth
 61437 | Vaults:5 | Entered Level 5 of the Vaults
 62138 | Depths:1 | Entered Level 1 of the Depths
 62442 | Depths:1 | Found a gateway to Hell.
 62697 | Depths:1 | Reached skill level 16 in Invocations
 62768 | Depths:1 | You are cast into the Abyss!
 62768 | Depths:1 | Cast into level 3 of the Abyss (a lich)
 62768 | Abyss:3  | Found a corrupted altar of Lugonu.
 62768 | Abyss:3  | Found a corrupted altar of Lugonu.
 62778 | Abyss:3  | Found a corrupted altar of Lugonu.
 62804 | Abyss:3  | Found a corrupted altar of Lugonu.
 62813 | Abyss:3  | You pick up a book of Summonings and begin reading...
 62813 | Abyss:3  | You add the spells Summon Demon and Shadow Creatures to
                  | your library.
 62966 | Abyss:3  | Reached XP level 23. HP: 128/180 MP: 42/42
 63177 | Abyss:4  | Found a corrupted altar of Lugonu.
 63187 | Abyss:4  | You pick up a book of Cantrips and begin reading...
 63192 | Abyss:4  | Found a corrupted altar of Lugonu.
 63199 | Abyss:5  | Entered Level 5 of the Abyss
 63352 | Abyss:5  | HP: 43/180 [lurking horror (27)]
 63359 | Abyss:5  | Got an abyssal rune of Zot
 63369 | Abyss:5  | Reached skill level 15 in Fighting
 63369 | Abyss:5  | Reached skill level 15 in Short Blades
 63369 | Abyss:5  | Reached skill level 15 in Long Blades
 63369 | Abyss:5  | Reached skill level 15 in Axes
 63369 | Abyss:5  | Reached skill level 15 in Maces & Flails
 63369 | Abyss:5  | Reached skill level 15 in Polearms
 63369 | Abyss:5  | Reached skill level 15 in Staves
 63369 | Abyss:5  | Reached skill level 15 in Slings
 63369 | Abyss:5  | Reached skill level 15 in Bows
 63369 | Abyss:5  | Reached skill level 15 in Crossbows
 63369 | Abyss:5  | Reached skill level 15 in Throwing
 63369 | Abyss:5  | Reached skill level 15 in Armour
 63369 | Abyss:5  | Reached skill level 15 in Shields
 63369 | Abyss:5  | Reached skill level 15 in Unarmed Combat
 63369 | Abyss:5  | Reached skill level 15 in Evocations
 63378 | Abyss:5  | HP: 24/181 [disintegration (34)]
 63397 | Depths:1 | You pass through the gate.
 63397 | Depths:1 | Escaped the Abyss
 63400 | Depths:1 | HP: 14/181 [ettin/+0 dire flail (22)]
 63869 | Depths:1 | Found a portal to a secret trove of treasure.
 63953 | Depths:1 | Found a one-way gate leading to the halls of Pandemonium.
 64165 | Depths:1 | You pick up a book of Changes and begin reading...
 64345 | Depths:2 | Found Iwneroko's Antique Armour Boutique.
 64367 | Depths:2 | Reached skill level 13 in Conjurations
 64367 | Depths:2 | Reached skill level 13 in Hexes
 64367 | Depths:2 | Reached skill level 13 in Summonings
 64367 | Depths:2 | Reached skill level 13 in Necromancy
 64367 | Depths:2 | Reached skill level 13 in Translocations
 64367 | Depths:2 | Reached skill level 13 in Transmutations
 64367 | Depths:2 | Reached skill level 13 in Fire Magic
 64367 | Depths:2 | Reached skill level 13 in Air Magic
 64367 | Depths:2 | Reached skill level 13 in Earth Magic
 64367 | Depths:2 | Reached skill level 13 in Poison Magic
 64568 | Depths:2 | Bought a pair of ancient boots for 380 gold pieces
 64578 | Depths:2 | Identified the cursed +0 pair of boots of Ycve {rN+++ Will-
                  | Str-5 Dex+4} (You bought it in a shop on level 2 of the
                  | Depths)
 64595 | Depths:2 | a +0 arbalest; a +3 triple sword of freezing {rare}
 64663 | Depths:2 | Noticed Aizul
 64696 | Depths:2 | Killed Aizul
 64709 | Depths:2 | HP: 44/181 [large abomination[a deep elf death mage] (13)]
 64889 | Depths:2 | Noticed a caustic shrike
 64892 | Depths:2 | You fall into a shaft and drop 2 floors!
 65014 | Depths:4 | Paralysed by a vampire knight for 2 turns
 65597 | Depths:3 | Reached skill level 16 in Spellcasting
 66012 | Depths:3 | Reached skill level 16 in Dodging
 66012 | Depths:3 | Reached XP level 24. HP: 189/189 MP: 43/43
 66301 | Depths:2 | Reached skill level 16 in Stealth
 66373 | Depths:2 | Paralysed by a great orb of eyes for 3 turns
 66433 | Depths:2 | Killed a caustic shrike
 66710 | Depths:2 | Paralysed by a great orb of eyes for 3 turns
 67356 | Depths:1 | This trove needs +3 ice dragon scales to function. Give it
                  | the item?
 67356 | Depths:1 | You paid a toll of +3 ice dragon scales to enter a treasure
                  | trove
 67357 | Trove    | Entered a treasure trove
 67360 | Trove    | Found the +4 moon troll leather armour {Spirit, Regen++
                  | MP+5}
 67363 | Trove    | Got a polished hunting sling
 67365 | Trove    | Got a dull robe
 67384 | Trove    | v - storm dragon scales {rare}
 67804 | Depths:2 | Found a runed translucent door.
 68066 | Depths:2 | Acquired the +3 crown of Dyrovepreva {rElec Int+2 SInv}
 68067 | Depths:2 | Found the +3 crown of Dyrovepreva {rElec Int+2 SInv}
 68548 | Depths:3 | Reached skill level 17 in Invocations
 68601 | Depths:3 | Reached skill level 15 in Ice Magic
 69255 | Depths:3 | You pick up a book of Geomancy and begin reading...
 69536 | Depths:3 | Identified the +9 hunting sling of Deformation {speed, rC+}
                  | (You found it in a treasure trove)
 69935 | Depths:3 | a +1 buckler of reflection; a +0 robe; a +5 quick blade
                  | {forbiddenrare}
 69978 | Depths:4 | Reached skill level 16 in Fighting
 69978 | Depths:4 | Reached skill level 16 in Short Blades
 69978 | Depths:4 | Reached skill level 16 in Long Blades
 69978 | Depths:4 | Reached skill level 16 in Axes
 69978 | Depths:4 | Reached skill level 16 in Maces & Flails
 69978 | Depths:4 | Reached skill level 16 in Polearms
 69978 | Depths:4 | Reached skill level 16 in Staves
 69978 | Depths:4 | Reached skill level 16 in Slings
 69978 | Depths:4 | Reached skill level 16 in Bows
 69978 | Depths:4 | Reached skill level 16 in Crossbows
 69978 | Depths:4 | Reached skill level 16 in Throwing
 69978 | Depths:4 | Reached skill level 16 in Armour
 69978 | Depths:4 | Reached skill level 16 in Shields
 69978 | Depths:4 | Reached skill level 16 in Unarmed Combat
 69978 | Depths:4 | Reached skill level 16 in Evocations
 70055 | Depths:4 | +0 shadow dragon scales {rare}; a shadow dragon corpse
 70056 | Depths:4 | Found Jagguuwy's Magic Scroll Shop.
 70058 | Depths:4 | Found Uschuh's Gadget Boutique.
 70150 | Depths:4 | +0 shadow dragon scales {rare}; a shadow dragon corpse
 70295 | Depths:4 | Noticed Jory
 70303 | Depths:4 | Killed Jory
 70335 | Depths:4 | Reached XP level 25. HP: 130/197 MP: 29/43
 70755 | Depths:4 | Identified the +1 robe of Ofruxtil {Dex+3} (You found it in
                  | a treasure trove)
 70852 | Depths:4 | Found a one-way gate to the infinite horrors of the Abyss.
 71146 | Depths:5 | Entered Level 5 of the Depths
 71484 | Depths:5 | Reached skill level 14 in Conjurations
 71484 | Depths:5 | Reached skill level 14 in Hexes
 71484 | Depths:5 | Reached skill level 14 in Summonings
 71484 | Depths:5 | Reached skill level 14 in Necromancy
 71484 | Depths:5 | Reached skill level 14 in Translocations
 71484 | Depths:5 | Reached skill level 14 in Transmutations
 71484 | Depths:5 | Reached skill level 14 in Fire Magic
 71484 | Depths:5 | Reached skill level 14 in Air Magic
 71484 | Depths:5 | Reached skill level 14 in Earth Magic
 71484 | Depths:5 | Reached skill level 14 in Poison Magic
 71829 | Depths:5 | Found a gateway to a ziggurat.
 72193 | Depths:5 | Got a brightly glowing short sword
 72368 | Depths:5 | You drop storm dragon scales {rare}.
 72448 | Depths:5 | Found a gate to the Realm of Zot.
 72930 | Lair:2   | Identified the +9 short sword of Extinguishment {freeze,
                  | Str+3} (You found it on level 5 of the Depths)
 73152 | Depths:2 | Bought a warped chain mail for 380 gold pieces
 73152 | Depths:2 | Bought a pair of glowing gloves for 300 gold pieces
 73393 | Lair:2   | Identified the cursed +0 chain mail "Syjem" {rPois rCorr
                  | Stlth+} (You bought it in a shop on level 2 of the Depths)
 73405 | Lair:2   | Learned a level 8 spell: Lehudib's Crystal Spear
 73414 | Lair:2   | Learned a level 8 spell: Chain Lightning
 73680 | Elf:2    | Reached skill level 17 in Spellcasting
 74306 | Elf:2    | Found a huge runed translucent gate.
 74306 | Elf:2    | Found a huge runed translucent gate.
 74306 | Elf:2    | Found a huge runed translucent gate.
 74306 | Elf:2    | Found a huge runed translucent gate.
 74306 | Elf:2    | Found a huge runed translucent gate.
 74557 | Elf:2    | Reached skill level 17 in Dodging
 74923 | Elf:3    | Entered Level 3 of the Elven Halls
 74961 | Elf:3    | Reached skill level 17 in Stealth
 75082 | Elf:3    | Reached XP level 26. HP: 116/206 MP: 19/44
 75366 | Elf:3    | Found Movuny's Book Boutique.
 75756 | Elf:3    | Reached skill level 18 in Invocations
 76133 | Elf:3    | Identified the +1 short sword "Anoim" {pain, rPois rF+}
 76138 | Elf:3    | Identified the +2 demon trident of Blood-Lust {venom, *Rage
                  | Will++ Int+4}
 76220 | Elf:3    | Identified a +0 crystal plate armour
 76484 | Elf:3    | Identified the +10 great sword of Jailairgh {venom, rC+}
 76484 | Elf:3    | Identified the amulet of Dolono {Spirit +Blink rF+ rC++
                  | Stlth+}
 76574 | Elf:3    | Identified the +5 ring mail "Henaduast" {-Cast rN++ rCorr
                  | Int+6}
 76623 | Elf:3    | Identified Lizyni Vumm's Compendium of Confrontation
 76624 | Elf:3    | You add the spells Searing Ray, Sticky Flame and
                  | Iskenderun's Battlesphere to your library.
 76637 | Elf:3    | You pick up a book of Party Tricks and begin reading...
 76637 | Elf:3    | You add the spells Lesser Beckoning, Alistair's
                  | Intoxication and Invisibility to your library.
 76654 | Elf:3    | You pick up a book of Maledictions and begin reading...
 76657 | Elf:3    | You pick up a book of Minor Magic and begin reading...
 76657 | Elf:3    | You add the spells Magic Dart, Slow and Conjure Flame to
                  | your library.
 76659 | Elf:3    | You pick up a book of the Dragon and begin reading...
 76659 | Elf:3    | You add the spells Foxfire, Cause Fear and Dragon's Call to
                  | your library.
 76667 | Elf:3    | You pick up a book of Callings and begin reading...
 76669 | Elf:3    | Got a bloodstained scale mail
 76670 | Elf:3    | Identified the cursed +1 scale mail of Paranoia {rN+ MP-9
                  | Int+8} (You found it on level 3 of the Elven Halls)
 77000 | Lair:2   | g - the +2 gold dragon scales of Kedao {rPois rF+ rC+
                  | Int+6, rare}
 77011 | Lair:2   | You finish putting on the +2 gold dragon scales of Kedao
                  | {rPois rF+ rC+ Int+6, rare}.
 77016 | Lair:2   | You finish taking off the +2 gold dragon scales of Kedao
                  | {rPois rF+ rC+ Int+6, rare}.
 77297 | Elf:3    | N - the +2 gold dragon scales of Kedao {rPois rF+ rC+
                  | Int+6, rare}
 77585 | Lair:2   | You drop the +2 gold dragon scales of Kedao {rPois rF+ rC+
                  | Int+6, rare}.
 79091 | Slime:4  | Reached skill level 17 in Fighting
 79091 | Slime:4  | Reached skill level 17 in Short Blades
 79091 | Slime:4  | Reached skill level 17 in Long Blades
 79091 | Slime:4  | Reached skill level 17 in Axes
 79091 | Slime:4  | Reached skill level 17 in Maces & Flails
 79091 | Slime:4  | Reached skill level 17 in Polearms
 79091 | Slime:4  | Reached skill level 17 in Staves
 79091 | Slime:4  | Reached skill level 17 in Slings
 79091 | Slime:4  | Reached skill level 17 in Bows
 79091 | Slime:4  | Reached skill level 17 in Crossbows
 79091 | Slime:4  | Reached skill level 17 in Throwing
 79091 | Slime:4  | Reached skill level 17 in Armour
 79091 | Slime:4  | Reached skill level 17 in Shields
 79091 | Slime:4  | Reached skill level 17 in Unarmed Combat
 79091 | Slime:4  | Reached skill level 17 in Evocations
 79312 | Slime:4  | Noticed Dissolution
 79319 | Slime:4  | Killed Dissolution
 79464 | Slime:4  | Reached skill level 16 in Ice Magic
 80645 | Slime:5  | Entered Level 5 of the Pits of Slime
 80903 | Slime:5  | Paralysed by a floating eye for 2 turns
 81230 | Slime:5  | Noticed the Royal Jelly
 81529 | Slime:5  | Killed the Royal Jelly
 81530 | Slime:5  | Reached XP level 27. HP: 94/215 MP: 7/44
 81923 | Slime:5  | You pick up a book of Flames and begin reading...
 81923 | Slime:5  | You add the spells Inner Flame and Fireball to your
                  | library.
 81930 | Slime:5  | Got a slimy rune of Zot
 81937 | Slime:5  | You pick up a book of Alchemy and begin reading...
 81946 | Slime:5  | You pick up a book of Geomancy and begin reading...
 81965 | Slime:5  | You pick up a book of Annihilations and begin reading...
 81974 | Slime:5  | Got a steaming buckler
 81987 | Slime:5  | Got a crude copper amulet
 82011 | Slime:5  | Got a masterwork mace
 82024 | Slime:5  | Identified the cursed +3 mace of Dung {elec, rC+ rN+ Str+4}
                  | (You found it on level 5 of the Pits of Slime)
 82025 | Slime:5  | Identified the +1 buckler "Gaezooxei" {rC+ rCorr Dex+5}
                  | (You found it on level 5 of the Pits of Slime)
 82045 | Slime:5  | Got a faintly glowing plate armour
 82047 | Slime:5  | You pick up a book of Frost and begin reading...
 82050 | Slime:5  | You pick up a book of Conjurations and begin reading...
 82050 | Slime:5  | You add the spells Fulminant Prism and Iskenderun's Mystic
                  | Blast to your library.
 82052 | Slime:5  | You pick up a book of Debilitation and begin reading...
 82052 | Slime:5  | You add the spells Portal Projectile and Leda's
                  | Liquefaction to your library.
 82060 | Slime:5  | You pick up a book of Ice and begin reading...
 82060 | Slime:5  | You add the spells Metabolic Englaciation, Ozocubu's
                  | Refrigeration, Freezing Cloud and Simulacrum to your
                  | library.
 82283 | Lair:2   | Identified the cursed +0 plate armour "Tobloxoing" {rPois
                  | rCorr Str+3} (You found it on level 5 of the Pits of Slime)
 82285 | Lair:2   | Identified the amulet "Ozoos" {Faith Slay+3 Stlth+} (You
                  | found it on level 5 of the Pits of Slime)
 82307 | Lair:2   | Learned a level 5 spell: Fireball
 82314 | Lair:2   | Learned a level 6 spell: Ozocubu's Refrigeration
 82332 | Lair:2   | Learned a level 2 spell: Sublimation of Blood
 82342 | Lair:2   | Learned a level 9 spell: Absolute Zero
 82613 | Zot:1    | Entered Level 1 of the Realm of Zot
 83085 | Zot:1    | Noticed an electric golem
 83091 | Zot:1    | Killed an electric golem
 83094 | Zot:1    | Identified +0 gold dragon scales
 83249 | Zot:1    | +0 gold dragon scales {rare}; a golden dragon corpse; a
                  | moth of wrath corpse
 83273 | Zot:1    | Noticed an electric golem
 83275 | Zot:1    | Killed an electric golem
 83394 | Zot:1    | Reached skill level 15 in Conjurations
 83394 | Zot:1    | Reached skill level 15 in Hexes
 83394 | Zot:1    | Reached skill level 15 in Summonings
 83394 | Zot:1    | Reached skill level 15 in Necromancy
 83394 | Zot:1    | Reached skill level 15 in Translocations
 83394 | Zot:1    | Reached skill level 15 in Transmutations
 83394 | Zot:1    | Reached skill level 15 in Fire Magic
 83394 | Zot:1    | Reached skill level 15 in Air Magic
 83394 | Zot:1    | Reached skill level 15 in Earth Magic
 83394 | Zot:1    | Reached skill level 15 in Poison Magic
 84230 | Zot:2    | Reached skill level 18 in Spellcasting
 84403 | Zot:2    | Reached skill level 18 in Dodging
 84477 | Zot:2    | +0 storm dragon scales {rare}; a storm dragon corpse
 84744 | Zot:2    | You pick up a book of Conjurations and begin reading...
 85204 | Zot:3    | Reached skill level 18 in Stealth
 85295 | Zot:3    | Noticed an electric golem
 85304 | Zot:3    | Killed an electric golem
 85309 | Zot:3    | Reached skill level 19 in Invocations
 85463 | Zot:3    | Noticed an electric golem
 85484 | Zot:3    | You fall into a shaft and drop 1 floor!
 85526 | Zot:3    | quicksilver dragon scales {rare}; a +0 cloak; a quicksilver
                  | dragon corpse
 85526 | Zot:3    | N - quicksilver dragon scales {rare}
 85549 | Zot:3    | Killed an electric golem
 85695 | Zot:3    | quicksilver dragon scales {rare}; a quicksilver dragon
                  | corpse
 85832 | Zot:3    | quicksilver dragon scales {rare}; a quicksilver dragon
                  | corpse
 86023 | Zot:3    | You pick up a book of Spatial Translocations and begin
                  | reading...
 86023 | Zot:3    | You add the spells Gell's Gravitas, Teleport Other and
                  | Passage of Golubria to your library.
 86737 | Zot:4    | +0 storm dragon scales {rare}; a storm dragon corpse; a
                  | moth of wrath corpse
 86740 | Zot:4    | +0 storm dragon scales {rare}; a storm dragon corpse; a
                  | moth of wrath corpse
 86808 | Zot:4    | +0 storm dragon scales {rare}; a storm dragon corpse
 87167 | Zot:4    | Reached skill level 18 in Fighting
 87167 | Zot:4    | Reached skill level 18 in Short Blades
 87167 | Zot:4    | Reached skill level 18 in Long Blades
 87167 | Zot:4    | Reached skill level 18 in Axes
 87167 | Zot:4    | Reached skill level 18 in Maces & Flails
 87167 | Zot:4    | Reached skill level 18 in Polearms
 87167 | Zot:4    | Reached skill level 18 in Staves
 87167 | Zot:4    | Reached skill level 18 in Slings
 87167 | Zot:4    | Reached skill level 18 in Bows
 87167 | Zot:4    | Reached skill level 18 in Crossbows
 87167 | Zot:4    | Reached skill level 18 in Throwing
 87167 | Zot:4    | Reached skill level 18 in Armour
 87167 | Zot:4    | Reached skill level 18 in Shields
 87167 | Zot:4    | Reached skill level 18 in Unarmed Combat
 87167 | Zot:4    | Reached skill level 18 in Evocations
 87502 | Zot:4    | Identified the +3 hunting sling of the Trees {freeze,
                  | +Blink rElec MP-9} (You found it on level 4 of the Realm of
                  | Zot)
 87762 | Zot:5    | Entered Level 5 of the Realm of Zot
 87891 | Zot:5    | Found a runed translucent gate.
 87891 | Zot:5    | Found a runed translucent gate.
 87891 | Zot:5    | Found a runed translucent gate.
 87891 | Zot:5    | Found an ancient bone altar of Kikubaaqudgha.
 87891 | Zot:5    | Noticed Tirrikindir's ghost (legendary OpFi)
 87891 | Zot:5    | Noticed an ancient lich
 87891 | Zot:5    | Noticed an ancient lich
 87892 | Zot:5    | Noticed an ancient lich
 87892 | Zot:5    | Noticed an ancient lich
 87903 | Zot:5    | quicksilver dragon scales {rare}; a quicksilver dragon
                  | corpse
 88184 | Zot:5    | You pick up a book of Misfortune and begin reading...
 89278 | Lair:2   | You drop quicksilver dragon scales {rare}.
 89284 | Lair:2   | magus.rc [v1.9.10]
 90562 | Elf:3    | Bought a book of the Earth for 780 gold pieces
 90562 | Elf:3    | You pick up a book of the Earth and begin reading...
 90562 | Elf:3    | You add the spells Bolt of Magma, Iron Shot and Shatter to
                  | your library.
 90925 | D:13     | Learned a level 9 spell: Shatter
 90930 | D:13     | Got a spiked leather armour
 90939 | D:13     | You pick up a book of the Sky and begin reading...
 90939 | D:13     | You add the spells Silence, Conjure Ball Lightning and
                  | Tornado to your library.
 91120 | Lair:2   | Identified the +2 leather armour "Nuihas" {+Inv rPois
                  | Slay+2} (You found it on level 13 of the Dungeon)
 91345 | Hell     | Entered the Vestibule of Hell
 91345 | Hell     | Noticed Geryon
 91347 | Hell     | Gained mutation: You are dopey. (Int -2) [a cacodemon]
 91350 | Hell     | Gained mutation: You are weak. (Str -2) [a cacodemon]
 91351 | Hell     | Gained mutation: You are very weak. (Str -4) [a cacodemon]
 91354 | Depths:1 | Gained mutation: Your movements are slightly less
                  | encumbered by armour. (ER -2) [a cacodemon]
 91637 | Hell     | Killed Geryon
 91803 | Depths:1 | Gained mutation: Scrolls take you a little longer to read.
                  | [mutagenic glow]
 91864 | Hell     | Gained mutation: Your body sometimes deteriorates upon
                  | taking damage. [a cacodemon]
 91871 | Hell     | Gained mutation: Your flesh is cold resistant. (rC+) [a
                  | cacodemon]
 91877 | Hell     | Gained mutation: Scrolls take you longer to read. [a
                  | cacodemon]
 91892 | Depths:1 | Gained mutation: Your body often deteriorates upon taking
                  | damage. [mutagenic glow]
 92303 | Lair:2   | Gained mutation: You are frail. (-10% HP) [mutagenic glow]
 92358 | Lair:2   | Lost mutation: You are very weak. (Str -4) [potion of
                  | mutation]
 92358 | Lair:2   | Lost mutation: Your flesh is cold resistant. (rC+) [potion
                  | of mutation]
 92358 | Lair:2   | Lost mutation: Your movements are slightly less encumbered
                  | by armour. (ER -2) [potion of mutation]
 92358 | Lair:2   | Lost mutation: You are dopey. (Int -2) [potion of mutation]
 92358 | Lair:2   | Gained mutation: You are strong-willed. (Will+) [potion of
                  | mutation]
 92359 | Lair:2   | Lost mutation: You are frail. (-10% HP) [potion of
                  | mutation]
 92359 | Lair:2   | Lost mutation: Scrolls take you longer to read. [potion of
                  | mutation]
 92359 | Lair:2   | Gained mutation: You tend to lose your temper in combat.
                  | [potion of mutation]
 92359 | Lair:2   | Gained mutation: You are agile. (Dex +2) [potion of
                  | mutation]
 92360 | Lair:2   | Lost mutation: You tend to lose your temper in combat.
                  | [potion of mutation]
 92360 | Lair:2   | Lost mutation: Scrolls take you a little longer to read.
                  | [potion of mutation]
 92360 | Lair:2   | Lost mutation: You are agile. (Dex +2) [potion of mutation]
 92360 | Lair:2   | Lost mutation: Your body often deteriorates upon taking
                  | damage. [potion of mutation]
 92360 | Lair:2   | Gained mutation: You are partially covered in large bone
                  | plates. (SH +4) [potion of mutation]
 92360 | Lair:2   | Gained mutation: You are frail. (-10% HP) [potion of
                  | mutation]
 92360 | Lair:2   | Gained mutation: Your flesh is cold resistant. (rC+)
                  | [potion of mutation]
 92361 | Lair:2   | Lost mutation: Your body sometimes deteriorates upon taking
                  | damage. [potion of mutation]
 92361 | Lair:2   | Lost mutation: You are frail. (-10% HP) [potion of
                  | mutation]
 92361 | Lair:2   | Lost mutation: Your flesh is cold resistant. (rC+) [potion
                  | of mutation]
 92361 | Lair:2   | Gained mutation: Your magical capacity is low. (-10% MP)
                  | [potion of mutation]
 92361 | Lair:2   | Gained mutation: You are frail. (-10% HP) [potion of
                  | mutation]
 92361 | Lair:2   | Gained mutation: Your movements are slightly less
                  | encumbered by armour. (ER -2) [potion of mutation]
 92362 | Lair:2   | Lost mutation: You are frail. (-10% HP) [potion of
                  | mutation]
 92362 | Lair:2   | Lost mutation: You are weak. (Str -2) [potion of mutation]
 92362 | Lair:2   | Gained mutation: You are highly strong-willed. (Will++)
                  | [potion of mutation]
 92363 | Lair:2   | Lost mutation: Your magical capacity is low. (-10% MP)
                  | [potion of mutation]
 92363 | Lair:2   | Lost mutation: Your movements are slightly less encumbered
                  | by armour. (ER -2) [potion of mutation]
 92363 | Lair:2   | Lost mutation: You are highly strong-willed. (Will++)
                  | [potion of mutation]
 92363 | Lair:2   | Gained mutation: You are weak. (Str -2) [potion of
                  | mutation]
 92363 | Lair:2   | Gained mutation: You have sharp fingernails. [potion of
                  | mutation]
 92638 | Depths:4 | Bought a scroll of enchant armour for 135 gold pieces
 92888 | Hell     | Found a gateway to the decaying netherworld of Tartarus.
 93019 | Hell     | Reached skill level 17 in Ice Magic
 93131 | Hell     | Found a gateway to the Iron City of Dis.
 93206 | Hell     | Found a gateway to the ashen valley of Gehenna.
 93384 | Hell     | Found a gateway to the freezing wastes of Cocytus.
 93468 | Geh:1    | Entered Level 1 of Gehenna
 94516 | Zot:5    | Killed an ancient lich
 94522 | Zot:5    | Killed an ancient lich
 94527 | Zot:5    | Killed an ancient lich
 94549 | Zot:5    | Killed an ancient lich
 94550 | Zot:5    | Reached skill level 19 in Spellcasting
 94550 | Zot:5    | Reached skill level 16 in Conjurations
 94550 | Zot:5    | Reached skill level 16 in Hexes
 94550 | Zot:5    | Reached skill level 16 in Summonings
 94550 | Zot:5    | Reached skill level 16 in Necromancy
 94550 | Zot:5    | Reached skill level 16 in Translocations
 94550 | Zot:5    | Reached skill level 16 in Transmutations
 94550 | Zot:5    | Reached skill level 16 in Fire Magic
 94550 | Zot:5    | Reached skill level 16 in Air Magic
 94550 | Zot:5    | Reached skill level 16 in Earth Magic
 94550 | Zot:5    | Reached skill level 16 in Poison Magic
 94563 | Zot:5    | Killed Tirrikindir's ghost
 94579 | Zot:5    | Got a faintly glowing bronze ring
 94693 | Zot:5    | Got an ichor-stained cloak
 95060 | Lair:2   | Identified the cursed +0 cloak of the Stallion {Will+} (You
                  | found it on level 5 of the Realm of Zot)
 95061 | Lair:2   | Identified the ring of Lugonu's Benevolence {rPois rC+ rN+
                  | Str-4 Stlth+} (You found it on level 5 of the Realm of Zot)
 95064 | Lair:2   | C - +2 pearl dragon scales {rare}
 95075 | Lair:2   | You finish putting on your +2 pearl dragon scales {rare}.
 95096 | Lair:2   | You finish taking off your +2 pearl dragon scales {rare}.
 95113 | Lair:2   | You drop +2 pearl dragon scales {rare}.
 95126 | Lair:2   | Learned a level 6 spell: Iron Shot
 95390 | Pan      | Entered Pandemonium
 95411 | Pan      | Found an exit through the horrors of the Abyss.
 95466 | Pan      | Reached skill level 19 in Dodging
 95524 | Pan      | Reached skill level 20 in Invocations
 95798 | Pan      | Found a transporter.
 95811 | Pan      | Identified the ring of Stoicism {+Blink rF+ rCorr Int+4
                  | Dex+3}
 95833 | Pan      | Found a transporter.
 95910 | Pan      | Reached skill level 19 in Stealth
 96410 | Pan      | Got a slimy helmet
 96644 | Pan      | Identified the +7 war axe "Mehazad" {drain, rC- Str+4 Int+2
                  | Stlth+}
 96645 | Pan      | Noticed Womnuzxeth the pandemonium lord
 96668 | Pan      | Killed Womnuzxeth the pandemonium lord
 96842 | Pan      | Gained mutation: You are very weak. (Str -4) [a cacodemon]
 96845 | Pan      | Gained mutation: You are occasionally teleported next to
                  | monsters. [a cacodemon]
 96846 | Pan      | Gained mutation: You are frail. (-10% HP) [a cacodemon]
 96876 | Pan      | a +0 eveningstar {rare}; a +0 chain mail; a gelid
                  | demonspawn corpse
 97033 | Pan      | You pick up a book of Transfigurations and begin reading...
 97376 | Pan      | You pick up a book of Frost and begin reading...
 97483 | Pan      | Identified the cursed +0 helmet of Levity {Int+4} (You
                  | found it in Pandemonium)
 97628 | Pan      | a +0 eveningstar {rare}; a +0 chain mail
 97632 | Pan      | a +0 eveningstar {rare}; a +0 chain mail
 97942 | Pan      | Reached skill level 19 in Fighting
 97942 | Pan      | Reached skill level 19 in Short Blades
 97942 | Pan      | Reached skill level 19 in Long Blades
 97942 | Pan      | Reached skill level 19 in Axes
 97942 | Pan      | Reached skill level 19 in Maces & Flails
 97942 | Pan      | Reached skill level 19 in Polearms
 97942 | Pan      | Reached skill level 19 in Staves
 97942 | Pan      | Reached skill level 19 in Slings
 97942 | Pan      | Reached skill level 19 in Bows
 97942 | Pan      | Reached skill level 19 in Crossbows
 97942 | Pan      | Reached skill level 19 in Throwing
 97942 | Pan      | Reached skill level 19 in Armour
 97942 | Pan      | Reached skill level 19 in Shields
 97942 | Pan      | Reached skill level 19 in Unarmed Combat
 97942 | Pan      | Reached skill level 19 in Evocations
 98182 | Pan      | Found a glowing silver altar of Zin.
 98465 | Pan      | Noticed a pearl dragon
 98476 | Pan      | Killed a pearl dragon
 98476 | Pan      | Identified +0 pearl dragon scales
 98492 | Pan      | +0 pearl dragon scales {rare}; a pearl dragon corpse
 98710 | Pan      | Reached skill level 17 in Necromancy
 99427 | Pan      | Identified the cursed +0 tower shield "Rewnah" {rF+ Slay+3}
 99699 | Pan      | Found a white marble altar of Elyvilon.
 99700 | Pan      | Identified a +2 robe of the Archmagi
 99774 | Pan      | Identified the +5 tower shield of Pauch {rC+ Slay+2}
100274 | Pan      | Noticed a seraph
100949 | Pan      | Identified the +11 gold dragon scales "Caateq" {Rampage
                  | rPois rF+ rC+}
100949 | Pan      | Identified the amulet "Odaxi" {Acrobat rPois rF- Will+
                  | Int+4}
101327 | Pan      | Identified the +3 ring mail "Geuritz" {Stlth+}
101666 | Pan      | Reached skill level 20 in Spellcasting
101678 | Pan      | Reached skill level 21 in Invocations
101831 | Pan      | Reached skill level 18 in Ice Magic
102120 | Pan      | Noticed a pearl dragon
102131 | Pan      | Killed a pearl dragon
102132 | Pan      | Reached skill level 20 in Dodging
102134 | Pan      | Reached skill level 17 in Conjurations
102134 | Pan      | Reached skill level 17 in Hexes
102134 | Pan      | Reached skill level 17 in Summonings
102134 | Pan      | Reached skill level 17 in Translocations
102134 | Pan      | Reached skill level 17 in Transmutations
102134 | Pan      | Reached skill level 17 in Fire Magic
102134 | Pan      | Reached skill level 17 in Air Magic
102134 | Pan      | Reached skill level 17 in Earth Magic
102134 | Pan      | Reached skill level 17 in Poison Magic
102228 | Pan      | Killed a seraph
102234 | Pan      | Reached skill level 20 in Stealth
102344 | Pan      | Found a glowing golden altar of the Shining One.
102351 | Pan      | Reached skill level 18 in Necromancy
102408 | Pan      | You pick up a book of Power and begin reading...
102408 | Pan      | You add the spells Orb of Destruction and Spellforged
                  | Servitor to your library.
102411 | Pan      | Identified the amulet "Qeloc" {rF- Regen+ Str+9 Dex+3 SInv}
                  | (You found it in Pandemonium)
102413 | Pan      | Got a demonic rune of Zot
103335 | Pan      | Reached skill level 20 in Bows
104213 | Depths:1 | You pass through the gate.
104213 | Depths:1 | Escaped Pandemonium
104478 | Lair:2   | Lost mutation: You are occasionally teleported next to
                  | monsters. [potion of mutation]
104478 | Lair:2   | Lost mutation: You are frail. (-10% HP) [potion of
                  | mutation]
104478 | Lair:2   | Lost mutation: You are partially covered in large bone
                  | plates. (SH +4) [potion of mutation]
104478 | Lair:2   | Gained mutation: Scrolls take you a little longer to read.
                  | [potion of mutation]
104478 | Lair:2   | Gained mutation: Potions are less effective at restoring
                  | your health. [potion of mutation]
104478 | Lair:2   | Gained mutation: You are highly strong-willed. (Will++)
                  | [potion of mutation]
104479 | Lair:2   | Lost mutation: Scrolls take you a little longer to read.
                  | [potion of mutation]
104479 | Lair:2   | Lost mutation: You are very weak. (Str -4) [potion of
                  | mutation]
104479 | Lair:2   | Lost mutation: You are weak. (Str -2) [potion of mutation]
104479 | Lair:2   | Lost mutation: Potions are less effective at restoring your
                  | health. [potion of mutation]
104479 | Lair:2   | Gained mutation: You have large cloven feet. [potion of
                  | mutation]
104479 | Lair:2   | Gained mutation: You passively map a small area around you.
                  | [potion of mutation]
104762 | Pan      | Entered Pandemonium
104931 | Pan      | Noticed Wofuqig the pandemonium lord
104958 | Pan      | Killed Wofuqig the pandemonium lord
105004 | Pan      | Reached skill level 20 in Fighting
105004 | Pan      | Reached skill level 20 in Short Blades
105004 | Pan      | Reached skill level 20 in Long Blades
105004 | Pan      | Reached skill level 20 in Axes
105004 | Pan      | Reached skill level 20 in Maces & Flails
105004 | Pan      | Reached skill level 20 in Polearms
105004 | Pan      | Reached skill level 20 in Staves
105004 | Pan      | Reached skill level 20 in Slings
105004 | Pan      | Reached skill level 20 in Crossbows
105004 | Pan      | Reached skill level 20 in Throwing
105004 | Pan      | Reached skill level 20 in Armour
105004 | Pan      | Reached skill level 20 in Shields
105004 | Pan      | Reached skill level 20 in Unarmed Combat
105004 | Pan      | Reached skill level 20 in Evocations
106077 | Pan      | Found a runed translucent door.
107351 | Pan      | Noticed Utsajiyr the pandemonium lord
107550 | Pan      | Identified the +2 scimitar "Orb Guardian's Death" {freeze,
                  | rC+++ Dex+2 Stlth-}
107804 | Pan      | Got an iridescent hand axe
107805 | Pan      | Identified the cursed +0 hand axe of the Egg {venom, rF+}
                  | (You found it in Pandemonium)
107851 | Pan      | Killed Utsajiyr the pandemonium lord
108588 | Pan      | Noticed Mennas
108659 | Pan      | Killed Mennas
108786 | Pan      | Reached skill level 19 in Necromancy
108987 | Pan      | Noticed Dorah the pandemonium lord
108992 | Pan      | HP: 45/225 [Dorah the pandemonium lord (49)]
108997 | Pan      | HP: 20/225 [Dorah the pandemonium lord (23)]
108997 | Pan      | HP: 4/225 [Dorah the pandemonium lord (15)]
109017 | Pan      | HP: 22/225 [??? (11)]
109412 | Pan      | Reached skill level 21 in Bows
109455 | Pan      | Got a bloodstained broad axe
109465 | Pan      | Identified the cursed +1 broad axe of Pestilence {vorpal,
                  | *Noise rN+ Str+5} (You found it in Pandemonium)
109489 | Pan      | Killed Dorah the pandemonium lord
109640 | Pan      | You pick up a book of Cantrips and begin reading...
109652 | Pan      | Found an exit through the horrors of the Abyss.
109654 | Pan      | Found an exit through the horrors of the Abyss.
109660 | Pan      | Found an exit through the horrors of the Abyss.
110144 | Pan      | Entered the realm of Mnoleg.
110147 | Pan      | Gained mutation: You occasionally shout uncontrollably at
                  | your foes. [a neqoxec]
110147 | Pan      | Gained mutation: You are dopey. (Int -2) [a cacodemon]
110153 | Pan      | Gained mutation: Your body sometimes deteriorates upon
                  | taking damage. [a neqoxec]
110162 | Pan      | Gained mutation: You are frail. (-10% HP) [a neqoxec]
110365 | Pan      | Gained mutation: Armour fits poorly on your strangely
                  | shaped body. [a cacodemon]
110394 | Pan      | Reached skill level 22 in Invocations
110459 | Pan      | Lost mutation: You are dopey. (Int -2) [a cacodemon]
110640 | Pan      | Noticed Mnoleg
110642 | Pan      | Killed Mnoleg
110702 | Pan      | Got a glowing rune of Zot
110726 | Pan      | Reached skill level 21 in Spellcasting
110965 | Pan      | Reached skill level 21 in Dodging
111047 | Pan      | Gained mutation: You sometimes yell uncontrollably at your
                  | foes. [a cacodemon]
111135 | Pan      | Found an exit through the horrors of the Abyss.
111324 | Pan      | Gained mutation: Scrolls take you a little longer to read.
                  | [a cacodemon]
111394 | Pan      | Reached skill level 21 in Stealth
111495 | Pan      | Gained mutation: Scrolls take you longer to read. [a
                  | cacodemon]
111497 | Pan      | Gained mutation: Potions are less effective at restoring
                  | your health. [a cacodemon]
111502 | Pan      | Reached skill level 18 in Conjurations
111502 | Pan      | Reached skill level 18 in Hexes
111502 | Pan      | Reached skill level 18 in Summonings
111502 | Pan      | Reached skill level 18 in Translocations
111502 | Pan      | Reached skill level 18 in Transmutations
111502 | Pan      | Reached skill level 18 in Fire Magic
111502 | Pan      | Reached skill level 18 in Air Magic
111502 | Pan      | Reached skill level 18 in Earth Magic
111502 | Pan      | Reached skill level 18 in Poison Magic
111641 | Pan      | Found an exit through the horrors of the Abyss.
111960 | Pan      | Reached skill level 19 in Ice Magic
112442 | Pan      | Lost mutation: You are highly strong-willed. (Will++)
                  | [potion of mutation]
112442 | Pan      | Lost mutation: Armour fits poorly on your strangely shaped
                  | body. [potion of mutation]
112442 | Pan      | Gained mutation: You are partially covered in yellow
                  | scales. (AC +2) [potion of mutation]
112442 | Pan      | Gained mutation: You are covered in fur. (AC +1) [potion of
                  | mutation]
112513 | Pan      | Noticed Qided the pandemonium lord
112514 | Pan      | Killed Qided the pandemonium lord
112840 | Pan      | Reached skill level 22 in Bows
113054 | Depths:1 | You pass through the gate.
113054 | Depths:1 | Escaped Pandemonium
113335 | Lair:2   | Lost mutation: You sometimes yell uncontrollably at your
                  | foes. [potion of mutation]
113335 | Lair:2   | Lost mutation: Potions are less effective at restoring your
                  | health. [potion of mutation]
113335 | Lair:2   | Lost mutation: Your body sometimes deteriorates upon taking
                  | damage. [potion of mutation]
113335 | Lair:2   | Lost mutation: You occasionally shout uncontrollably at
                  | your foes. [potion of mutation]
113335 | Lair:2   | Gained mutation: You are partially covered in icy blue
                  | scales. (AC +2) [potion of mutation]
113365 | Lair:2   | You finish putting on the +2 gold dragon scales of Kedao
                  | {rPois rF+ rC+ Int+6, rare}.
113370 | Lair:2   | You finish taking off the +2 gold dragon scales of Kedao
                  | {rPois rF+ rC+ Int+6, rare}.
113370 | Lair:2   | You drop the +2 gold dragon scales of Kedao {rPois rF+ rC+
                  | Int+6, rare}.
113677 | Vaults:5 | Reached skill level 20 in Necromancy
113691 | Vaults:5 | Reached skill level 21 in Fighting
113691 | Vaults:5 | Reached skill level 21 in Short Blades
113691 | Vaults:5 | Reached skill level 21 in Long Blades
113691 | Vaults:5 | Reached skill level 21 in Axes
113691 | Vaults:5 | Reached skill level 21 in Maces & Flails
113691 | Vaults:5 | Reached skill level 21 in Polearms
113691 | Vaults:5 | Reached skill level 21 in Staves
113691 | Vaults:5 | Reached skill level 21 in Slings
113691 | Vaults:5 | Reached skill level 21 in Crossbows
113691 | Vaults:5 | Reached skill level 21 in Throwing
113691 | Vaults:5 | Reached skill level 21 in Armour
113691 | Vaults:5 | Reached skill level 21 in Shields
113691 | Vaults:5 | Reached skill level 21 in Unarmed Combat
113691 | Vaults:5 | Reached skill level 21 in Evocations
113693 | Vaults:5 | +0 shadow dragon scales {rare}; a shadow dragon corpse
113985 | Vaults:5 | Got an iridescent rapier
113995 | Vaults:5 | Identified the +8 rapier of Vullet {vorpal, *Rage Str-2
                  | Int+10 Stlth+} (You found it on level 5 of the Vaults)
114129 | Vaults:5 | a cursed -1 scimitar; +0 storm dragon scales {rare}; an elf
                  | corpse
114243 | Vaults:5 | Got a silver rune of Zot
114310 | Vaults:5 | Acquired a Grand Grimoire
114310 | Vaults:5 | You add the spells Monstrous Menagerie, Summon Greater
                  | Demon and Summon Horrible Things to your library.
114321 | Vaults:5 | Got a pitted chain mail
114324 | Vaults:5 | Identified the +1 chain mail of Sunlight {rElec Dex+3} (You
                  | found it on level 5 of the Vaults)
114467 | Vaults:5 | You pick up a book of the Sky and begin reading...
114471 | Vaults:5 | You pick up a book of Party Tricks and begin reading...
114565 | Vaults:5 | Found the +8 mithril axe "Arga" {speed, Will+}
114574 | Vaults:5 | Identified Sif Muna's Tome of Aerial Curses
114809 | Vaults:5 | Noticed an ancient lich
114822 | Vaults:5 | Killed an ancient lich
115147 | Vaults:5 | Identified the +5 rapier of Courage {speed, rN+ Dex+2} (You
                  | found it on level 5 of the Vaults)
115394 | Vaults:5 | You pick up a book of Transfigurations and begin reading...
115508 | Vaults:2 | Bought a potion of mutation for 152 gold pieces
116035 | Pan      | Entered the realm of Gloorx Vloq.
116035 | Pan      | Entered Pandemonium
116035 | Pan      | Found an exit through the horrors of the Abyss.
116208 | Pan      | Got a brightly glowing scale mail
116503 | Pan      | Noticed Gloorx Vloq
116510 | Pan      | HP: 43/205 [??? (23)]
116511 | Pan      | HP: 20/205 [??? (10)]
116512 | Pan      | HP: 4/205 [Executioner (8)]
116512 | Pan      | Demolished by an Executioner

Vanquished Creatures
  the Royal Jelly (Slime:5)
  Mnoleg (Pan)
  A seraph (Pan)
  4 ancient liches
  Mennas (Pan)
  Mara (Vaults:2)
  The ghost of Tirrikindir the Conqueror, a legendary OpFi of Gozag (Zot:5)
  Bai Suzhen (Spider:2)
  Saint Roka (Orc:2)
  Geryon (Hell)
  A caustic shrike (Depths:2)
  7 golden dragons
  Jory (Depths:4)
  A bone dragon (Depths:5)
  2 pearl dragons (Pan)
  4 electric golems
  3 Brimstone Fiends
  A Tzitzimitl (Pan)
  5 pandemonium lords (Pan)
  Rupert (Lair:3)
  20 tentacled monstrosities
  5 Hell Sentinels (Pan)
  4 deep elf blademasters (Elf:3)
  2 Ice Fiends (Pan)
  7 Orb Guardians (Zot:5)
  4 liches
  4 titans (Vaults:5)
  7 quicksilver dragons
  24 acid blobs
  2 deep elf master archers (Elf:3)
  2 sphinxes
  Polyphemus (Shoals:4)
  13 Executioners (Pan)
  6 death cobs
  An ancient champion (Vaults:3)
  2 tentacled starspawn (Abyss:3)
  9 storm dragons
  8 tengu reavers
  13 azure jellies
  35 daevas (Pan)
  7 shadow dragons
  5 draconian monks
  2 iron dragons
  7 deep elf sorcerers
  7 frost giants
  9 balrugs
  3 fire giants
  5 draconian scorchers
  8 ghost moths
  Aizul (Depths:2)
  3 draconian knights
  A caustic shrike zombie (Hell)
  21 vault wardens
  28 cacodemons
  6 emperor scorpions (Spider:4)
  A curse skull (Vaults:3)
  3 deep elf elementalists
  5 draconian shifters
  4 spriggan defenders (Depths:3)
  64 angels (Pan)
  A ghoul (Vaults:1)
  4 draconian stormcallers
  16 ironheart preservers
  4 war gargoyles
  5 warmongers (Pan)
  2 draconian annihilators
  27 ophanim (Pan)
  6 blood saints (Pan)
  17 reapers
  27 stone giants
  6 green draconians
  11 corrupters (Pan)
  44 very ugly things
  14 lorocyprocas
  5 vampire knights
  57 apis (Pan)
  8 black draconians
  5 black suns (Pan)
  3 deep elf demonologists
  8 entropy weavers
  9 white draconians
  A minotaur (Gauntlet)
  6 red draconians
  15 yellow draconians
  7 purple draconians
  A dire elephant (Gauntlet)
  10 deep elf annihilators
  9 deep elf death magi
  15 spark wasps
  5 merfolk javelineers
  22 blizzard demons
  7 death oozes
  14 ettins
  10 merfolk impalers
  15 green deaths (Pan)
  12 fire dragons
  15 yaktaur captains
  5 deep elf high priests
  19 ogre magi
  12 great orbs of eyes
  The ghost of Gaza the Basher, a journeyman MiBe of Trog (Lair:1)
  34 vault guards
  13 ice dragons
  8 hell beasts
  5 hydras
  4 monstrous demonspawn
  2 great orbs of eyes (shapeshifter) (Abyss:5)
  5 rakshasas
  7 spriggan air magi
  2 catoblepae
  An alligator snapping turtle (Shoals:2)
  17 centaur warriors
  A quicksilver dragon skeleton (Pan)
  53 two-headed ogres
  5 boulder beetles
  4 death knights
  5 merfolk avatars
  37 dancing weapons
  12 deep troll shamans
  8 hell hogs
  3 merfolk aquamancers
  6 tengu warriors
  2 vampire magi
  11 deep troll earth magi
  3 satyrs
  8 death yaks
  6 orc high priests
  11 spriggan berserkers
  4 thrashing horrors (Abyss:5)
  A titan zombie (Hell)
  16 deep elf knights
  19 soul eaters
  2 iron golems (Hell)
  58 large abominations
  56 sun demons
  A titan skeleton (Hell)
  21 skeletal warriors
  29 spriggans
  13 hell knights
  6 shadow wraiths
  A fire crab (shapeshifter) (D:13)
  23 sixfirhies
  5 iron trolls
  13 sea snakes
  3 spriggan druids (Depths:3)
  18 shadow demons (Pan)
  A spark wasp zombie (Hell)
  2 tengu zombies
  30 cherubim (Pan)
  A golden dragon zombie (Hell)
  27 deep trolls
  A kraken simulacrum (Hell)
  4 glowing orange brains
  8 torturous demonspawn (Pan)
  A deep troll (shapeshifter) (Vaults:5)
  An anaconda zombie (Hell)
  3 gelid demonspawn (Pan)
  8 infernal demonspawn
  12 ironbrand convokers
  6 flayed ghosts
  15 unseen horrors
  7 wizards
  7 necromancers
  5 phantasmal warriors
  Pikel (D:4)
  An orange crystal statue (D:12)
  20 deep elf archers
  16 orc knights
  A lindwurm (shapeshifter) (Vaults:5)
  2 sphinx zombies
  19 orb spiders
  24 harpies
  A wolf spider zombie (D:13)
  46 ugly things
  37 wolf spiders
  A mana viper (shapeshifter) (Depths:2)
  A fire giant zombie (Hell)
  A wolf spider (shapeshifter) (Depths:5)
  60 deep elf magi
  An orb spider (shapeshifter) (Abyss:3)
  3 stone giant zombies
  An oklob plant (Shoals:3)
  2 shining eyes
  A sphinx skeleton (Depths:3)
  26 moths of wrath
  A salamander (Depths:4)
  14 fauns
  A faun (shapeshifter) (Vaults:5)
  9 orc sorcerers
  7 cyclopes
  A will-o-the-wisp (Abyss:5)
  A worldbinder (Depths:1)
  16 elephants
  14 manticores
  13 rust devils
  7 black mambas
  7 merfolk sirens
  2 frost giant skeletons
  A water nymph (Shoals:3)
  An elf zombie (Depths:3)
  An ice statue (IceCv)
  3 torpor snails
  10 cane toads
  2 naga magi (D:15)
  3 eyes of devastation
  27 smoke demons
  A molten gargoyle (Hell)
  A gargoyle (D:12)
  15 vault sentinels
  A dire elephant skeleton (Pan)
  2 komodo dragons (shapeshifter)
  8 centaur skeletons
  11 hellions
  35 orange demons
  A kobold demonologist (D:15)
  2 rime drakes (IceCv)
  A human zombie (Vaults:4)
  40 demonic crawlers
  54 yaktaurs
  10 hellwings
  7 freezing wraiths
  7 komodo dragons
  A yaktaur (shapeshifter) (Vaults:2)
  8 tengu conjurers
  A redback zombie (D:15)
  11 tormentors (Pan)
  12 ice devils
  2 hydra zombies (Hell)
  A human skeleton (Vaults:2)
  An ancient zyme (Abyss:3)
  A jumping spider (shapeshifter) (Vaults:1)
  9 trolls
  A meliai (shapeshifter) (Depths:5)
  15 red devils
  A yaktaur skeleton (Vaults:4)
  37 jumping spiders
  2 wind drakes (shapeshifter)
  26 merfolk
  15 polar bears
  6 meliai
  2 shadow dragon simulacra
  5 hydra skeletons
  102 slime creatures
  8 wind drakes
  A hornet (shapeshifter) (Vaults:3)
  A tengu simulacrum (Vaults:4)
  2 polar bears (shapeshifter)
  2 spriggan zombies (Hell)
  7 raiju
  36 hornets
  18 blink frogs
  2 deep troll zombies (Hell)
  7 snapping turtles
  17 dream sheep
  3 human simulacra
  An ettin skeleton (Pan)
  An ice dragon skeleton (Pan)
  A shadow (D:14)
  77 redbacks
  35 tarantellas
  20 water elementals
  3 flying skulls (Geh:1)
  A tarantella (shapeshifter) (Depths:2)
  A wyvern (shapeshifter) (Depths:2)
  A dire elephant simulacrum (Hell)
  6 air elementals (Depths:2)
  4 wyverns
  6 wraiths
  15 fire elementals
  68 yaks
  A yak (shapeshifter) (Elf:1)
  A spriggan (shapeshifter) (Vaults:1)
  32 ynoxinuls
  4 basilisks
  9 golden eyes
  3 hogs (shapeshifter)
  40 chaos spawn
  21 neqoxecs
  6 vampire mosquitoes
  5 wargs
  An acid dragon (shapeshifter) (Vaults:5)
  15 water moccasins
  3 hell hounds
  5 acid dragons
  2 floating eyes (Slime:5)
  A floating eye (shapeshifter) (Vaults:1)
  69 orc warriors
  An ice beast (shapeshifter) (Vaults:3)
  A black bear (shapeshifter) (Vaults:1)
  2 cane toad skeletons (Hell)
  4 ice beasts
  5 phantoms
  An alligator simulacrum (Hell)
  12 eyes of draining
  9 black bears
  8 sky beasts
  39 ogres
  9 boggarts
  4 necrophages
  35 wolves
  28 centaurs
  2 lemures (D:4)
  3 big kobolds
  21 bullfrogs
  2 gnoll sergeants
  A wyvern zombie (D:14)
  2 wyvern skeletons
  A cane toad simulacrum (Hell)
  6 scorpions
  A water moccasin skeleton (D:4)
  7 killer bees
  32 wights
  5 electric eels
  3 vampire bats (Lair:3)
  3 howler monkeys
  2 crimson imps
  3 quasits
  2 bullfrog zombies (D:5)
  7 centaur zombies
  6 hounds
  5 jellies
  31 orc wizards
  4 small abominations
  32 orc priests
  Crazy Yiuf (D:4)
  2 bullfrog skeletons
  An iron imp (Depths:2)
  2 iguanas (D:11)
  5 lightning spires
  13 hell rats
  7 worker ants
  A tengu skeleton (Pan)
  A hound zombie (D:11)
  2 hound skeletons
  4 worker ant zombies
  21 gnolls
  14 adders
  5 shadow imps
  5 white imps
  5 ufetubi
  An adder zombie (D:4)
  A worm (D:3)
  A dart slug (D:3)
  10 leopard geckos
  156 orcs
  10 giant cockroaches
  11 hobgoblins
  16 jackals
  8 quokkas
  12 bats
  4 frilled lizards
  5 goblins
  A jackal skeleton (D:7)
  20 kobolds
  A leopard gecko skeleton (D:8)
  8 rats
  A ball lightning (Depths:2)
  7 blocks of ice (Pan)
  3 briar patches (Pan)
  2 crawling corpses (Elf:3)
  A starspawn tentacle (Abyss:3)
  2 tentacles (Hell)
3711 creatures vanquished.

Vanquished Creatures (collateral kills)
  Dissolution (Slime:4)
  A sphinx (Vaults:5)
  4 acid blobs
  An ironheart preserver (Vaults:5)
  A war gargoyle (Vaults:5)
  A death ooze (Slime:5)
  2 two-headed ogres (Orc:2)
  6 slime creatures
  A necromancer (Vaults:5)
  A shining eye (Slime:3)
  4 oklob plants (Lair:4)
  2 eyes of devastation
  A komodo dragon (Lair:1)
  2 wyverns (D:10)
  A basilisk (D:10)
  A steam dragon (D:10)
  A water moccasin (Lair:1)
  2 wolves (IceCv)
  A wight (D:9)
34 creatures vanquished.

Vanquished Creatures (others)
  An ancient lich (Zot:5)
  2 ghost moths
  A centaur warrior (D:15)
  A shadow demon (Pan)
  A necromancer (Vaults:2)
  A chaos spawn (Pan)
  2 boggarts (D:15)
  3 centaurs (D:15)
  6 electric eels (Depths:2)
  6 ball lightnings (Depths:2)
  3 blocks of ice (Pan)
  4 foxfires (Abyss:5)
  28 fungi
  2 lurking horrors (Abyss:5)
  78 plants
  3 starspawn tentacles (Abyss:3)
  5 tentacles (Hell)
  3 toadstools (D:1)
150 creatures vanquished.

Grand Total: 3895 creatures vanquished

Table legend:
 A = Non-vault XP
 B = Vault XP
 C = Vault XP percentage of total XP
 D = Non-vault monster count
 E = Vault monster count
 F = Vault count percentage of total count
                 A         B        C        D         E       F
            +---------+---------+-------+---------+---------+-------
      Total | 1570854 | 1014791 |  39.2 |    2508 |    1200 |  32.4
            +---------+---------+-------+---------+---------+-------
        D:1 |      34 |       2 |   5.6 |      20 |       2 |   9.1
        D:2 |     201 |       0 |   0.0 |      29 |       0 |   0.0
        D:3 |     120 |      31 |  20.5 |      27 |       8 |  22.9
        D:4 |     265 |     681 |  72.0 |      14 |       2 |  12.5
        D:5 |     729 |      19 |   2.5 |      29 |       2 |   6.5
        D:6 |     454 |       0 |   0.0 |      10 |       0 |   0.0
        D:7 |     553 |       0 |   0.0 |      14 |       0 |   0.0
        D:8 |    1005 |       0 |   0.0 |      27 |       0 |   0.0
        D:9 |    3156 |     933 |  22.8 |      36 |      20 |  35.7
       D:10 |    1447 |     710 |  32.9 |      21 |       5 |  19.2
       D:11 |    3677 |     166 |   4.3 |      40 |       2 |   4.8
       D:12 |    4272 |     640 |  13.0 |      39 |       1 |   2.5
       D:13 |    6473 |   11419 |  63.8 |      36 |      28 |  43.8
       D:14 |    9018 |       0 |   0.0 |      52 |       0 |   0.0
       D:15 |   12247 |    3888 |  24.1 |      37 |       8 |  17.8
     Lair:1 |    6468 |    3436 |  34.7 |      27 |      12 |  30.8
     Lair:2 |    5139 |     676 |  11.6 |      16 |       2 |  11.1
     Lair:3 |    9828 |    3171 |  24.4 |      28 |      11 |  28.2
     Lair:4 |    2566 |    4149 |  61.8 |       7 |      12 |  63.2
     Lair:5 |    3713 |       0 |   0.0 |      15 |       0 |   0.0
     Lair:6 |   17619 |   10217 |  36.7 |      58 |      47 |  44.8
   Shoals:1 |   12185 |       0 |   0.0 |      22 |       0 |   0.0
   Shoals:2 |   15819 |    4819 |  23.4 |      31 |      11 |  26.2
   Shoals:3 |   14484 |     550 |   3.7 |      30 |       1 |   3.2
   Shoals:4 |   10607 |   25402 |  70.5 |      19 |      37 |  66.1
   Spider:1 |   17360 |    1736 |   9.1 |      50 |       7 |  12.3
   Spider:2 |   21302 |    5412 |  20.3 |      59 |       1 |   1.7
   Spider:3 |   13010 |       0 |   0.0 |      33 |       0 |   0.0
   Spider:4 |   20101 |   25047 |  55.5 |      54 |      38 |  41.3
    Slime:1 |    3117 |       0 |   0.0 |       5 |       0 |   0.0
    Slime:2 |    8160 |       0 |   0.0 |      12 |       0 |   0.0
    Slime:3 |   21769 |       0 |   0.0 |      38 |       0 |   0.0
    Slime:4 |   24439 |   12146 |  33.2 |      43 |       1 |   2.3
    Slime:5 |    6481 |   28371 |  81.4 |      18 |      11 |  37.9
      Orc:1 |    3359 |       0 |   0.0 |      29 |       0 |   0.0
      Orc:2 |       0 |   23953 | 100.0 |       0 |     146 | 100.0
      Elf:1 |   12078 |    3621 |  23.1 |      20 |       5 |  20.0
      Elf:2 |   12293 |   23229 |  65.4 |      21 |      31 |  59.6
      Elf:3 |   31705 |   43865 |  58.0 |      46 |      30 |  39.5
   Vaults:1 |   30220 |   27582 |  47.7 |      56 |      39 |  41.1
   Vaults:2 |   47041 |   18479 |  28.2 |      90 |      14 |  13.5
   Vaults:3 |   55204 |   24250 |  30.5 |      86 |      27 |  23.9
   Vaults:4 |   46332 |   14475 |  23.8 |      74 |      16 |  17.8
   Vaults:5 |   20127 |  128826 |  86.5 |      20 |      90 |  81.8
   Depths:1 |   42387 |    6053 |  12.5 |      57 |      10 |  14.9
   Depths:2 |   15765 |   70450 |  81.7 |      23 |      85 |  78.7
   Depths:3 |   85891 |   21932 |  20.3 |     100 |      29 |  22.5
   Depths:4 |   30851 |   24511 |  44.3 |      32 |      28 |  46.7
   Depths:5 |   34210 |   30926 |  47.5 |      44 |      24 |  35.3
       Hell |   31220 |   28940 |  48.1 |      46 |      54 |  54.0
      Geh:1 |   10576 |       0 |   0.0 |      27 |       0 |   0.0
      Zot:1 |   50394 |       0 |   0.0 |      26 |       0 |   0.0
      Zot:2 |   39454 |       0 |   0.0 |      21 |       0 |   0.0
      Zot:3 |   64606 |       0 |   0.0 |      36 |       0 |   0.0
      Zot:4 |   50888 |       0 |   0.0 |      34 |       0 |   0.0
      Zot:5 |   26425 |   61193 |  69.8 |      19 |      12 |  38.7
    Abyss:3 |   13718 |       0 |   0.0 |      17 |       0 |   0.0
    Abyss:5 |    6010 |   11488 |  65.7 |      13 |      15 |  53.6
        Pan |  532282 |  291584 |  35.4 |     575 |     220 |  27.7
      IceCv |       0 |   11610 | 100.0 |       0 |      49 | 100.0
   Gauntlet |       0 |    4203 | 100.0 |       0 |       7 | 100.0
            +---------+---------+-------+---------+---------+-------

Illustrated notes

Table legend:
 A = Kills in this place as a percentage of kills in entire the game.
 B = Kills by you in this place as a percentage of kills by you in the entire game.
 C = Kills by friends in this place as a percentage of kills by friends in the entire game.
 D = Other kills in this place as a percentage of other kills in the entire game.
 E = Experience gained in this place as a percentage of experience gained in the entire game.
 F = Experience gained in this place divided by the number of levels of this place that you have seen.
                   A       B       C       D       E      F
               +-------+-------+-------+-------+-------+----------------------
         Total | 100.0 | 100.0 | 100.0 | 100.0 | 100.0 | 35911.7
       Dungeon |  13.7 |  13.7 |  15.6 |   0.0 |   2.4 | 4142.7
          Lair |   6.3 |   6.2 |  18.8 |   0.0 |   2.6 | 11163.7
        Shoals |   4.1 |   4.1 |   0.0 |   0.0 |   3.2 | 20966.5
   Spider Nest |   6.5 |   6.6 |   0.0 |  16.7 |   4.0 | 25992.0
    Slime Pits |   3.5 |   3.1 |  40.6 |   0.0 |   4.0 | 20896.6
  Orcish Mines |   4.7 |   4.7 |   6.2 |   0.0 |   1.1 | 13656.0
   Elven Halls |   4.1 |   4.2 |   0.0 |   0.0 |   4.9 | 42263.7
        Vaults |  13.8 |  13.8 |  12.5 |  16.7 |  16.0 | 82507.2
        Depths |  11.7 |  11.8 |   0.0 |   0.0 |  14.0 | 72595.2
          Hell |   2.7 |   2.7 |   0.0 |   0.0 |   2.3 | 60160.0
       Gehenna |   0.7 |   0.7 |   0.0 |   0.0 |   0.4 | 10576.0
           Zot |   4.0 |   4.0 |   0.0 |  33.3 |  11.3 | 58592.0
         Abyss |   1.2 |   1.2 |   0.0 |   0.0 |   1.2 | 10405.3
   Pandemonium |  21.4 |  21.6 |   0.0 |  33.3 |  31.9 | 91540.7
      Ice Cave |   1.3 |   1.3 |   6.2 |   0.0 |   0.4 | 11610.0
      Gauntlet |   0.2 |   0.2 |   0.0 |   0.0 |   0.2 | 4203.0
               +-------+-------+-------+-------+-------+----------------------

Table legend: (Time is in decaauts)
 A = Elapsed time spent in this place.
 B = Non-inter-level travel time spent in this place.
 C = Inter-level travel time spent in this place.
 D = Time resting spent in this place.
 E = Time spent auto-exploring this place.
 F = Levels seen in this place.
 G = Mean time per level.
                   A        B        C        D        E       F      G
               +--------+--------+--------+--------+--------+-----+--------+
         Total | 167999 | 138967 |  29032 |   5442 | 105939 |  72 | 2333.3 |
       Dungeon |  40920 |  24610 |  16310 |     93 |  20612 |  15 | 2728.0 |
        Temple |    170 |    117 |     53 |      0 |    111 |   1 |  170.0 |
          Lair |  15851 |  13328 |   2523 |    257 |  11031 |   6 | 2641.8 |
        Shoals |   9252 |   8919 |    333 |    186 |   7691 |   4 | 2313.0 |
   Spider Nest |   9760 |   8989 |    771 |    466 |   7430 |   4 | 2440.0 |
    Slime Pits |   6437 |   5962 |    475 |    667 |   4148 |   5 | 1287.4 |
  Orcish Mines |   6959 |   4953 |   2006 |      0 |   4002 |   2 | 3479.5 |
   Elven Halls |   8069 |   6729 |   1340 |    157 |   5292 |   3 | 2689.7 |
        Vaults |  16284 |  14340 |   1944 |    182 |  11442 |   5 | 3256.8 |
        Depths |  15460 |  13023 |   2437 |    661 |   9789 |   5 | 3092.0 |
          Hell |   1378 |   1285 |     93 |    136 |    862 |   1 | 1378.0 |
       Gehenna |    122 |    111 |     11 |      0 |     66 |   1 |  122.0 |
           Zot |  10029 |   9298 |    731 |   1113 |   6987 |   5 | 2005.8 |
         Abyss |    836 |    836 |      0 |    140 |    137 |   3 |  278.7 |
   Pandemonium |  22950 |  22950 |      0 |   1269 |  13887 |   9 | 2550.0 |
         Trove |    121 |    121 |      0 |      0 |     21 |   1 |  121.0 |
      Ice Cave |   2275 |   2275 |      0 |    112 |   1530 |   1 | 2275.0 |
      Gauntlet |   1120 |   1120 |      0 |      0 |    895 |   1 | 1120.0 |
               +--------+--------+--------+--------+--------+-----+--------+

Top non-repeatable levels by time:
    D:10: 8835 daAuts
    D:13: 6821 daAuts
   Orc:2: 5859 daAuts
    D:12: 4290 daAuts
Depths:1: 4137 daAuts
Vaults:3: 3607 daAuts
  Lair:2: 3535 daAuts
Vaults:1: 3510 daAuts
Vaults:2: 3440 daAuts
Depths:3: 3435 daAuts
  Lair:1: 3367 daAuts
Spider:2: 3349 daAuts
Spider:1: 3275 daAuts
  Lair:6: 3183 daAuts
   Elf:1: 3176 daAuts
